Workbook
Name Dimensión: #REF!
Name Iniciativas_Objetivo1: #REF!
Name Iniciativas_Objetivo10: #REF!
Name Iniciativas_Objetivo11: #REF!
Name Iniciativas_Objetivo12: #REF!
Name Iniciativas_Objetivo13: #REF!
Name Iniciativas_Objetivo2: #REF!
Name Iniciativas_Objetivo3: #REF!
Name Iniciativas_Objetivo4: #REF!
Name Iniciativas_Objetivo5: #REF!
Name Iniciativas_Objetivo6: #REF!
Name Iniciativas_Objetivo7: #REF!
Name Iniciativas_Objetivo8: #REF!
Name Iniciativas_Objetivo9: #REF!
Name Objetivos_Estratégicos: #REF!

Sheet Instructivo
D1: FORMATO PLAN DE ACCIÓN INSTITUCIONAL PROCESO GOBIERNO Y GESTIÓN DE LA ESTRATEGIA MACROPROCESO DIRECCIONAMIENTO ESTRATÉGICO | K1: Código: F-DE2-118 Versión No.: 06 Vigencia desde: 26-09- 2023
A4: INSTRUCTIVO PLAN DE ACCIÓN INSTITUCIONAL (PAI)
A6: Pestaña "PAI"
A8: Campo | C8: Conceptualización o explicación del campo | K8: Instrucción de diligenciamiento
A9: Dimensión | C9: Las dimensiones del plan de acción corresponden a categorías estratégicas necesarias para el funcionamiento de la estrategia y modelo de operación de SAE para lograr un equilibrio entre los objetivos estratégicos de esta. Estas dimensiones parten de las perspectivas del Balanced Scorecard (BSC) o Cuadro de Mando Integral, herramienta aplicada en entidades públicas, empresas mixtas y privadas para medir su estrategia. Las dimensiones que se contemplan y adoptan en el PAI de la SAE corresponden a: Dimensión productiva, social y ambiental: dimensión creada por la SAE para exaltar sus objetivos estratégicos y compromiso en los ámbitos productivos, sociales y ambientales asociados a su misionalidad y que contribuyen al cumplimiento del Plan Nacional de Desarrollo, al desarrollo territorial de Colombia y a la Paz Total. Esta dimensión favorece a población constitucionalmente protegida, organizaciones sociales y populares (Campesinas y urbanas), cooperativas, asociaciones y organizaciones comunales (ambientales y de mujeres), sujetos de reforma agraria, entre otros grupos de interés priorizados por la SAE. Algunas temáticas que se contemplan en esta dimensión se asocian a la justicia social; la contribución a la reforma agraria; al desarrollo territorial; a la implementación de proyectos estratégicos con enfoque productivo, social y ambiental que permitan la creación de valor; a garantizar la inclusión de comunidades, organizaciones sociales y economías populares en condición de vulnerabilidad en los mecanismos de administración existentes; entre otros. Dimensión financiera: dimensión que contempla todos los objetivos estratégicos relacionados con el comportamiento financiero de SAE y que son objeto de interés de las entidades que reciben transferencias monetarias, la Junta Directiva de SAE, MinHacienda y de SAE como sociedad. Esta dimensión abarca temáticas como son los ingresos, fuentes de financiación, gastos, ahorros, rentabilidad, rendimientos financieros, utilidades, y en general todas los aspectos asociados al aspecto económico, financiero y presupuestal de SAE. Dimensión de grupos de interés: dimensión que considera los objetivos estratégicos que pretenden fortalecer la relación que tiene SAE con sus grupos de interés internos y externos, y satisfacer sus necesidades a partir de los servicios que presta en el marco de su misionalidad. En esta dimensión se contemplan temáticas como cobertura del servicio, accesibilidad, posicionamiento de marca, calidad y oportunidad del servicio, transparencia, valor público, nivel de satisfacción del cliente, entre otros factores que miden el relacionamiento con los grupos de interés. Dimensión de procesos: dimensión que aborda los objetivos estratégicos asociados al adecuado funcionamiento y mejora del modelo operacional por procesos de SAE en su nivel estratégico, misional, de apoyo y/o de seguimiento y evaluación. Abordar esta dimensión contribuye a la productividad de SAE y satisfacer partes interesadas como son la Junta Directiva, proveedores, clientes externos, entes de control y otros grupos de interés que reciben los servicios de SAE. Algunas temáticas que se pueden abordar desde esta dimensión corresponden a la medición de la eficiencia operacional, la automatización de los procesos, el fortalecimiento de procesos, procesos de innovación, desarrollo de nuevos servicios, la implementación de los sistemas integrados de gestión, tecnología, entre otros. Dimensión de aprendizaje y crecimiento: dimensión que incluye los objetivos estratégicos relacionados con el talento humano de SAE y las condiciones que brinda la entidad para su permanencia, crecimiento, desarrollo y bienestar, teniendo en cuenta que son el corazón y la base para ejecutar la estrategia y modelo operacional de SAE. Algunas temáticas que se contemplan en esta dimensión pueden estar asociadas a las competencias del talento humano, al ambiente laboral, la gestión del conocimiento, al desarrollo profesional, a la retención del talento humano, procesos de aprendizaje, entre otros. | K9: Seleccione la opción de dimensión de la lista desplegable según corresponda la categoría estratégica a desarrollar. Como opciones encontrará la dimensión productiva, social y ambiental; la dimensión financiera; la dimensión de grupos de interés; la dimensión de procesos; y la dimensión de aprendizaje y crecimiento. La parametrización de la lista desplegable solo la podrá realizar la Oficina Asesora de Planeación en la pestaña "Datos", por lo cual esta lista no debe surtir cambios por parte del usuario.
A11: Objetivos estratégicos | C11: Corresponden a los propósitos o fines que SAE establece en el corto y mediano plazo, en el marco de su visión, misión y estrategia operacional. Estos objetivos se establecen por cada una de las dimensiones estratégicas y deben ser diseñados contemplando que éstos puedan ser medidos, que sean específicos, adecuados, realistas y oportunos de acuerdo con la metodología SMART (George T.Doran). Estos objetivos estratégicos corresponden a los establecidos en el plan estratégico institucional cuatrienal establecido al interior de la entidad. | K11: Seleccione de la lista desplegable el objetivo estratégico al cual le apunta la acción a realizar en la vigencia. La parametrización de la lista desplegable solo la podrá realizar la Oficina Asesora de Planeación en la pestaña "Datos", por lo cual esta lista no debe surtir cambios por parte del usuario.
A12: Iniciativas | C12: Corresponden a las tácticas o acciones de nivel táctico que permiten desarrollar y desagregar la estrategia u objetivos estratégicos en metas más pequeñas que permitan su ejecución en el corto plazo. Estas iniciativas o tácticas agrupan una o más actividades de nivel operativo relacionadas, que garantizan el cumplimiento de los objetivos y metas estratégicas de SAE. | K12: Seleccione de la lista desplegable la iniciativa estratégica a la cual le apunta la acción a realizar en la vigencia. En caso de que las iniciativas contempladas no se ajusten o alineen a la acción a realizar, por favor comunicarlo a la Oficina Asesora de Planeación para realizar las respectivas parametrizaciones en el Plan de Acción.
A13: Acciones | C13: Corresponden a las actividades a realizar en la vigencia por parte de las áreas de SAE a fin de dar cumplimiento a las iniciativas y objetivos estratégicos que conforman la estrategia de SAE para cada periodo de administración. | K13: Escriba en verbo infinitivo la acción a realizar en el año que apunte al cumplimiento de los objetivos estratégicos de la entidad. Documente acciones o actividades estratégicas puntuales que dependan de la gestión del área para medir su desempeño. En caso que se deseen formular actividades estratégicas transversales como lider de consolidación de los datos, se pueden establecer haciendo la claridad que estas no se tendrán en cuenta en la evaluación de desempeño en la columna "H".
A14: Macroproceso | C14: Es un conjunto de procesos que se relacionan entresí y que contribuyen a un objetivo común en el marco del modelo operacional de SAE. Estos se encuentran determinados dentro de la arquitectura empresarial de SAE y se enlistan en el PAI a fin de asociar las actividades que contribuyen a su objetivo e identificar con mayor facilidad los indicadores que contribuyen a medir el desempeño de dicho macroproceso. | K14: Enuncie el nombre del macroproceso en el cual se ejecuta la acción o actividad planteada de acuerdo con arquitectura empresarial de SAE.
A15: Proceso | C15: Responde a un conjunto de actividades de nivel táctico o procedimientos que secuencialmente se interrelacionan para transformar las entradas de un proceso en resultados o salidas, cumplimiendo el objetivo de cada proceso dentro del modelo de operación de procesos de SAE. Estos se encuentran determinados dentro de la arquitectura empresarial de SAE y se enlistan en el PAI a fin de asociar las actividades que contribuyen a su objetivo e identificar con mayor facilidad los indicadores que contribuyen a medir el desempeño de dicho proceso. | K15: Específique el nombre del proceso en el cual se ejecuta la acción o actividad planteada de acuerdo con arquitectura empresarial de SAE.
A16: Área responsable de la ejecución | C16: Pertenece al área que ejecuta cada actividad o acción establecida en el Plan de Acción Institucional. | K16: Determine el área que ejecutará la acción o actividad documentada de acuerdo con estructura organizacional.
A17: ¿Se toma en cuenta para la evaluación de desempeño? | C17: Es un criterio establecido por SAE para determinar cuáles indicadores se tienen en cuenta para evaluar el desempeño o rendimiento de las áreas en función de las actividades desarrolladas en la vigencia. | K17: Escriba "Sí" o "No" dependiendo si el resultado del indicador se tiene en cuenta o no en la evaluación de rendimiento o desempeño de cada área. Las actividades que están relacionadas con el quehacer del área deben tenerse en cuenta en la evaluación de desempeño. Las actividades que se pueden exceptuar de esta evaluación corresponden a actividades transversales que consolidan datos de varías áreas.
A18: Nombre del indicador | C18: Es el título o denominación corta y sencilla que permite identificar el objetivo de medición del indicador. Este debe estar correlacionado con la actividad que se realiza en la vigencia y que se desea medir. | K18: Exprese de manera corta y precisa el título que le dará al indicador de acuerdo con la intención de medición y la actividad a realizar. Tenga en cuenta que el nombre del indicador debe ser único para cada caso.
A19: Clasificación por ubicación en la cadena de valor público | C19: Corresponde a la clasificación de los indicadores dependiendo de su ubicación en la cadena de valor público. Dentro de esta cadena se contemplan los insumos, los procesos, los productos, los resultados y los impactos que se generan de la prestación de un servicio o generación de productos en el sector público. En el marco de esta cadena de valor público y teniendo en cuenta la clasificación adoptada por el DANE y recogida en la metodología de la Guía para la construcción y análisis de Indicadores de Gestión - Versión 4 del DAFP, se tiene que: * Gestión: cuantifica los recursos físicos, humanos y financieros utilizados en el desarrollo de los procesos mientras mide la cantidad de acciones, procesos, procedimientos y/u operaciones realizadas durante la etapa de implementación. Esta clasificación abarca los insumos y los procesos de la cadena de valor público. • Producto: cuantifica los productos y servicios realizados por cada área. Este indicador abarca la etapa de productos de la cadena de valor. • Efecto: mide los cambios obtenidos en el bienestar de la población objetivo como consecuencia de manera directa o indirecta de la entrega de los productos y/o servicios. Esta clasificación contempla las etapas de resultados o efectos, e impactos de la cadena de valor. | K19: DiligenciE de acuerdo con el indicador establecido, la clasificación de este según su ubicación en la cadena de valor público al interior de SAE.
A20: Tipo de indicador | C20: Corresponde a la categorización de los indicadores de acuerdo con su naturaleza. Para la estructuración del PAI, la SAE emplea las siguientes tipologías o tipos de indicadores: * Indicadores de calidad: indicadores que buscan medir aspectos relacionados con la capacidad de SAE para atender a las necesidades y demandas de sus usuarios bajo preceptos de rápidez e inmediatez a la hora de prestar sus bienes o servicios. La SAE enfoca la medición de estos indicadores hacia aspectos como la oportunidad y la percepción de satisfacción de los usuarios. * Indicadores de economía: indicadores que permiten medir la capacidad de SAE para gestionar los recursos disponibles de la forma más conveniente y adecuada. El enfoque de SAE frente a este tipo de indicadores va asociado a la medición del desempeño presupuestal, los posibles ahorros asociados a las actividades del plan de acción, medición de utilidades, ingresos económicos, rendimientos financieros, valor público y rentabilidad social. * Indicadores de eficacia: indicadores que buscan determinar el cumplimiento de un objetivo o una actividad de acuerdo con la meta establecida. Al interior de SAE los indicadores de eficacia se enfocan principalmente en la medición de factores claves de éxito, puntos críticos, factores de mejora y resultados estratégicos. | K20: Indique el tipo de indicador al cual corresponde el indicador a documentar de acuerdo con su naturaleza. Los tipos de indicadores a seleccionar pueden ser de calidad, economía o eficacia de acuerdo con la conceptualización de cada uno.
... A25: Periodicidad del reporte | C25: Es la frecuencia con la que se realiza el reporte y por tanto el seguimiento al Plan de Acción Institucional de SAE. Según los lineamientos establecidos en la entidad, esta periocidad es trimestral, una vez la Oficina Asesora de Planeación solicite su reporte. | K25: Esta casilla siempre debe contener la descripción "Trimestral" dado que la periodicidad establecida para dicho seguimiento por parte de la Oficina Asesora de Planeación es esta.
A28: Pestaña "Datos"
A30: Esta pestaña es de uso exclusivo de la Oficina Asesora de Planeación para parametrizar las dimensiones, objetivos estratégicos, iniciativas asociadas a objetivos estratégicos u otro tipo de datos requeridos para el adecuado funcionamiento de la herramienta de Plan de Acción Institucional.

Sheet PAI
D1: FORMATO PLAN DE ACCIÓN INSTITUCIONAL PROCESO GOBIERNO Y GESTIÓN DE LA ESTRATEGIA MACROPROCESO DIRECCIONAMIENTO ESTRATÉGICO | P1: Código: F-DE2-118 Versión No.: 06 Vigencia desde: 26 – 09- 2023
A4: PLAN DE ACCIÓN INSTITUCIONAL (PAI) 2024 SOCIEDAD DE ACTIVOS ESPECIALES S.A.S.
B6: Alineación estratégica y táctica | E6: Alineación Operativa | H6: Información del área que ejecuta la acción | K6: Clasificación de indicadores | N6: Información complementaria del indicador | R6: Seguimiento cuantitativo del indicador | U6: Alerta de desempeño al corte evaluado | W6: Análisis cualitativo del indicador
A7: ID | B7: Dimensión | C7: Objetivos estratégicos | D7: Iniciativas | E7: Acciones | F7: Macroproceso | G7: Proceso | H7: Área responsable de la ejecución | I7: ¿Se toma en cuenta para la evaluación de desempeño? | J7: Nombre del indicador | K7: Clasificación por ubicación en la cadena de valor público | L7: Tipo de indicador | M7: Comportamiento del indicador | N7: Fórmula para medir el indicador | O7: Descripción del indicador | P7: Meta 2024 | Q7: Periodicidad del reporte | R7: Numerador | S7: Denominador | T7: Cumplimiento del indicador en el año | U7: % Meta T2 | V7: Cumplimiento del indicador a corte del trimestre evaluado | W7: Análisis del indicador | X7: Observaciones | Y7: Retroalimentación al área | Z7: Observaciones | AA7: Sin iniciar | AB7: Bajo Desempeño
A8: 1 | B8: Productiva, social y ambiental | C8: 01. Democratizar los activos administrados por la SAE a través de mecanismos de disposición temporal y definitiva que permitan la creación de valor público, social y ambiental; aporten al desarrollo territorial y productivo y garanticen la función social y ecológica de la propiedad. | D8: Garantizar la inclusión de comunidades, organizaciones sociales y economías populares en condición de vulnerabilidad en los mecanismos de administración existentes | E8: Permitir la inclusión de organizaciones comunitarias en el gerenciamiento de Sociedades Activas y/o establecimientos de comercio. | F8: Disposición Temporal | G8: Administración de Depósitos Provisionales | H8: Dirección de Gobierno, Control y Democratización de Sociedades | I8: SÍ | J8: Gerencias populares en Sociedades Activas y/o establecimientos de comercio | K8: Producto | L8: Eficacia | M8: Programación anual | N8: (Sociedades Activas y/o establecimientos de comercio con gerencias populares/Sociedades Activas y/o establecimientos de comercio priorizados para el gerenciamiento de organizaciones populares)*100% | O8: Objetivo del indicador: medir la inclusión de organizaciones comunitarias en el gerenciamiento de Sociedades Activas y/o establecimientos de comercio. Numerador: corresponde al número de Sociedades Activas y/o establecimientos de comercio con gerenciamiento de organizaciones populares y/o comunitarias. Denominador: son las Sociedades Activas y/o establecimientos de comercio priorizados por la Gerencia de Sociedades Activas para el gerenciamiento popular. | P8: 10 | Q8: Trimestral | R8: 6 | S8: 10 | T8: 0.6 | U8: 0.5 | V8: 1 | W8: Se asignan 6 organizaciones para Gerencia Popular de las cuales 3 se encuentran con resolución de nombramiento y 3 tienen proyecto de acto administrativo en revisión de la Dirección de Asuntos Legales: Con resolución: 1. BÉLLEGAL S.A.S. 2. EL RANCHO DE LIZUT 3. THE GREEN HOUSE Con proyecto en revisión: 1. SANVAS INVERSIONES INMOBILIARIAS SAS 2. AUDIOVISUALES IMAGEN Y SONIDO S.A.S. 3. CIA AGRICOLA DIAZ SOCIEDAD POR ACCIONES SIMPLIFICA | AA8: =IF(R8=0,1,"") | AB8: =IF(AND(V8<70%,V8>0),1,"")
A9: 2 | B9: Productiva, social y ambiental | C9: 01. Democratizar los activos administrados por la SAE a través de mecanismos de disposición temporal y definitiva que permitan la creación de valor público, social y ambiental; aporten al desarrollo territorial y productivo y garanticen la función social y ecológica de la propiedad. | D9: Adelantar entrega de activos por mecanismos de disposición temporal y/o definitiva, priorizando los procesos productivos, sociales, ambientales, así como la atención ante emergencias y desastres producto de fenómenos de variabilidad climática | E9: Democratizar inmuebles rurales sociales para el formento de la economía popular, la reforma agraria o el valor público, social y ambiental. | F9: Disposición Temporal Disposición Final | G9: Administración directa Administración de destinación provisional Otras modalidades de disposición final | H9: Dirección de Gobierno, Control y Democratización de Sociedades | I9: SÍ | J9: Tierras sociales para la paz | K9: Producto | L9: Eficacia | M9: Programación anual | N9: (Número de hectáreas de inmuebles sociales democratizadas en el marco de la estrategia de tierras para la paz/ Número de hectáreas de inmuebles sociales programadas para entrega en la vigencia)*100% | O9: Objetivo del indicador: medir el grado de avance de entrega de tierras sociales para la paz bajo los mecanismos establecidos. Numerador: corresponde al número de hectáreas de inmuebles sociales entregadas mediante transferencias definitivas de inmuebles sociales extintos, ventas a la ANT, entrega de derechos de uso u otros esquemas de administración, que cuenten con acto administrativo o figura jurídica suscrita. Denominador: corresponde al número de hectáreas de inmuebles sociales programados para entrega en la vigencia 2024 que fomenten la economía popular, la reforma agraria y en general el programa de acceso a tierras. | P9: 67468 | Q9: Trimestral | R9: 2518.974 | S9: 67468 | T9: 0.037335833 | U9: 0.5 | V9: 0.074671667 | W9: En el primer y segundo trimestre del año 2024 se finalizaron las actividades de alistamiento administrativo y jurídico, necesarias para proceder con la venta de los predios. Se tienen los contratos de promesa de compraventa por enajenación temprana a través de venta directa de los siguientes predios: FMI Hectáreas 015-1203 / 145 015-36409 / 173 015-47801 / 36 015-7373 / 69 340-12510 / 142 340-3775 / 850 340-22354 / 389 143-6696 / 218.95 143-15837 / 125.3 148-20949 / 25 143-17562 / 342 | X9: Se tienen identificados 44 inmuebles estrategicos para estudiar la viabilidad de venta a la ANT. | AA9: =IF(R9=0,1,"") | AB9: =IF(AND(V9<70%,V9>0),1,"") -> 1
A10: 3 | B10: Productiva, social y ambiental | C10: 01. Democratizar los activos administrados por la SAE a través de mecanismos de disposición temporal y definitiva que permitan la creación de valor público, social y ambiental; aporten al desarrollo territorial y productivo y garanticen la función social y ecológica de la propiedad. | D10: Adelantar entrega de activos por mecanismos de disposición temporal y/o definitiva, priorizando los procesos productivos, sociales, ambientales, así como la atención ante emergencias y desastres producto de fenómenos de variabilidad climática | E10: Realizar o actualizar fichas técnicas de caracterización de Inmuebles Rurales para procesos de disposición final gratuita con enfoque social y productivo | F10: Diagnóstico y Alistamiento | G10: Diagnóstico de Activos | H10: Dirección para la Democratización de Activos Inmuebles Rurales | I10: SÍ | J10: Fichas Técnicas de caracterización de Inmuebles Rurales para procesos de disposición final gratuita con enfoque social y productivo | K10: Gestión | L10: Eficacia | M10: Demanda | N10: (Folios de Matrícula Inmobiliaria de inmuebles rurales con ficha de caracterización para disposición final gratuita/ Folios de Matrícula Inmobiliaria de inmuebles con viabilidad para disposición final gratuita) *100% | O10: Objetivo del indicador: medir el proceso de caracterización técnica de inmuebles rurales para disponerlos de manera definitiva y gratuita definidas en la ley. Numerador: corresponde al número de folios de matrícula rurales que cuentan con fichas de caracterización predial elaboradas o actualizadas para el proceso de disposición definitiva y gratuita. Denominador: corresponde al número de folios de matrícula de inmuebles rurales que cuentan con un concepto jurídico favorable para disposición final gratuita favorable. | P10: 1 | Q10: Trimestral | R10: 229 | S10: 199 | T10: 0.57537688 | U10: 0.5 | V10: 1 | W10: Se informa, que en el presente trimestre fueron recibidas un total de 173 conceptos jurídicos remitidos por la Dirección de Asuntos Legales, de las cuales únicamente 115 (denominador) se consideran viables, 61 requieren de un proceso de saneamiento, y 12 no son viables. Adicionalmete se realizaron 139 (numerador) fichas de caracterizacion con la informacion y analisis técnico. | AA10: =IF(R10=0,1,"") | AB10: =IF(AND(V10<70%,V10>0),1,"")
A11: 4 | B11: Productiva, social y ambiental | C11: 01. Democratizar los activos administrados por la SAE a través de mecanismos de disposición temporal y definitiva que permitan la creación de valor público, social y ambiental; aporten al desarrollo territorial y productivo y garanticen la función social y ecológica de la propiedad. | D11: Adelantar entrega de activos por mecanismos de disposición temporal y/o definitiva, priorizando los procesos productivos, sociales, ambientales, así como la atención ante emergencias y desastres producto de fenómenos de variabilidad climática | E11: Presentar casos de destinación definitiva de inmuebles rurales, priorizando aquellos que contribuyen a la reforma agraria, al fomento de la economía popular y a la generación de valor público, social o ambiental. | F11: Disposición Final | G11: Otras modalidades de disposición final | H11: Dirección para la Democratización de Activos Inmuebles Rurales | I11: SÍ | J11: Trámite de destinaciones definitivas de Inmuebles Rurales | K11: Gestión | L11: Eficacia | M11: Demanda | N11: (Número de folios de matrícula de inmuebles rurales presentados para destinación definitiva / Número de folios de matrícula viables para destinaciones definitivas) *100% | O11: Objetivo del indicador: medir la presentación de folios de matrícula de inmuebles rurales para el mecanismo de destinación definitiva gratuita prevista en la ley. Numerador: total de folios de matrícula de inmuebles rurales viables jurídicamente que cuentan con solicitud de elaboración de acto administrativo de destinación definitiva gratuita. Denominador: corresponde a los folios de matrícula de inmuebles rurales con solicitudes de destinación definitiva de inmuebles rurales que se consideran viables de acuerdo con la metodología y procedimientos. Observación: se hace necesario indicar en el análisis del indicador, las destinaciones definitivas aprobadas como insumo para la medición de la macrometa estratégica "Destinaciones de inmuebles al fomento de la economía popular y reforma agraria" | P11: 1 | Q11: Trimestral | R11: 150 | S11: 122 | T11: 0.6147541 | U11: 0.5 | V11: 1 | W11: Durante los meses de abril a junio, fueron recibidas un total de 118 (numerador) solicitudes, de las cuales 100(denominador) se consideran preliminarmente viables para el proceso de transferencia, de ellas, 1, ya cuenta con acto administrativo, 89 se encuentran en proceso de elaboración de acto administrativo, y 10 se encuentran en proceso de alistamiento para solicitar acto administrativo. | AA11: =IF(R11=0,1,"") | AB11: =IF(AND(V11<70%,V11>0),1,"")
A12: 5 | B12: Productiva, social y ambiental | C12: 01. Democratizar los activos administrados por la SAE a través de mecanismos de disposición temporal y definitiva que permitan la creación de valor público, social y ambiental; aporten al desarrollo territorial y productivo y garanticen la función social y ecológica de la propiedad. | D12: Adelantar entrega de activos por mecanismos de disposición temporal y/o definitiva, priorizando los procesos productivos, sociales, ambientales, así como la atención ante emergencias y desastres producto de fenómenos de variabilidad climática | E12: Presentar casos de destinación provisional de inmuebles rurales, priorizando aquellos que contribuyen a la reforma agraria, al fomento de la economía popular y a la generación de valor público, social o ambiental. | F12: Disposición Temporal | G12: Administración de destinación provisional | H12: Dirección para la Democratización de Activos Inmuebles Rurales | I12: SÍ | J12: Trámite de destinaciones provisionales de Inmuebles Rurales | K12: Gestión | L12: Eficacia | M12: Demanda | N12: (Número de folios de matrícula de Inmuebles rurales presentados a Comité/ Número de folios de matrícula con solicitudes de destinaciones provisionales viables) *100% | O12: Objetivo del indicador: medir la presentación de inmuebles rurales para destinación provisional ante el Comité de Depositarios, Destinatarios, Mandatarios y Liquidadores. Numerador: total de folios de matrícula de inmuebles rurales presentadas al Comité de Depositarios, Destinatarios, Mandatarios y Liquidadores para aprobación del mecanismo de destinación provisional. Denominador: corresponde al número de folios de matrícula que se consideran viables para presentar al Comité de Depositarios, Destinatarios, Mandatarios y Liquidadores con el fin de que se considere la aprobación de la destinación provisional. Observación: se hace necesario indicar en el análisis del indicador, las destinaciones provisionales aprobadas como insumo para la medición de la macrometa estratégica "Destinaciones de inmuebles al fomento de la economía popular y la reforma agraria" | P12: 1 | Q12: Trimestral | R12: 19 | S12: 19 | T12: 0.5 | U12: 0.5 | V12: 1 | W12: Segundo trimestre: Durante el segundo trimestre de 2024 se presentaron 13 inmuebles rurales no sociales a Comité de Destinatarios, Depositarios, Mandatarios y Liquidadores (numerador) para destinación provisional que, corresponde al mismo número de solicitudes de destinación con viabilidad para su trámite (denominador), en favor de entidades públicas u organizaciones sin ánimo de lucro. | AA12: =IF(R12=0,1,"") | AB12: =IF(AND(V12<70%,V12>0),1,"")
A13: 6 | B13: Productiva, social y ambiental | C13: 01. Democratizar los activos administrados por la SAE a través de mecanismos de disposición temporal y definitiva que permitan la creación de valor público, social y ambiental; aporten al desarrollo territorial y productivo y garanticen la función social y ecológica de la propiedad. | D13: Adelantar entrega de activos por mecanismos de disposición temporal y/o definitiva, priorizando los procesos productivos, sociales, ambientales, así como la atención ante emergencias y desastres producto de fenómenos de variabilidad climática | E13: Democratizar inmuebles urbanos para la educación pública | F13: DT. Disposición temporal DF. Disposición Final | G13: Administración directa Administración de destinación provisional Otras modalidades de disposición final | H13: Dirección para la Democratización de Activos Inmuebles Urbanos | I13: SÍ | J13: Democratización de inmuebles urbanos para la educación pública | K13: Producto | L13: Eficacia | M13: Demanda | N13: (Inmuebles urbanos aprobados para entrega al fortalecimiento de la educación pública /Inmuebles urbanos solicitados para el fortalecimiento de la educación pública)* 100% | O13: Objetivo del indicador: medir la entrega de inmuebles urbanos bajo diferentes mecanismos de disposición temporal y/o definitiva para el fortalecimiento de la educación pública. Numerador: corresponden a los inmuebles urbanos aprobados por comité para su entrega bajo diferentes mecanismos de disposición temporal y/o definitiva (destinaciones, donaciones, comodatos u otros) a entidades o establecimientos públicos para el fortalecimiento de la educación pública. Para el caso de destinación definitiva o donación se toma como aprobación cuando el inmueble urbano cuente con las viabilidades jurídicas, administrativas y técnicas. Denominador: corresponde a los inmuebles urbanos solicitados para el fortalecimiento de la educación pública por parte de las instituciones de educación pública del sistema educativo colombiano en todos sus subsistemas o niveles y establecimientos públicos facultados para aprobar e impartir programas que se enmarcan en la Educación para el Trabajo y el Desarrollo Humano. Estas solicitudes deben ser allegadas por los canales oficiales de comunicación de SAE y cumplir los requerimientos exigibles (Formularios, información completa, soportes). | P13: 0.7 | Q13: Trimestral | R13: 26 | S13: 46 | T13: 0.40372671 | U13: 0.5 | V13: 0.80745342 | W13: Con relación a los Inmuebles urbanos aprobados para entrega al fortalecimiento de la educación pública de conformidad con el macroproceso P-DT4-101 Procedimiento Destinación Provisional de bienes, en esta Dirección se recibieron tres (3) solicitudes en el T1 Y (13) solicitudes con corte al T2, de las cuales todas se atendieron satisfactoriamente, contando con aprobación del Comité de Depositarios, Mandatarios y Liquidadores, y proyección de los Actos Administrativos. Asi mismos las solicitudes de destinación definitiva, la Dirección recibió durante el T1 once (11) solicitudes T2 Veinte (20) solicitudes de destinaciónes de Instituciones Educativas, de la cuales ya se radicaron todas las solicitudes de viabilidad jurídica, técnica y administrativa; y, sobre uno (1) de los inmuebles no se continuó el trámite, debido a que la entidad universitaria desistió de la solicitud. | Y13: Recordar que el reporte del numerador es acumulado, por lo que debe incluirse la información del primer trimestre más la del segundo. En este sentido, dado que durante el primer trimestre el resultado fue de 14, para el segundo trimestre el numerador no puede ser menor a dicho valor. Si, una vez realizado el ajuste, el cumplimiento del indicador a corte del trimestre sigue siendo inferior a 70%, es necesario indicar en la columna de observaciones las actividades que se realizarán para cumplir la meta en el próximo trimestre, de acuerdo al instructivo enviado. | AA13: =IF(R13=0,1,"") | AB13: =IF(AND(V13<70%,V13>0),1,"")
A14: 7 | B14: Productiva, social y ambiental | C14: 01. Democratizar los activos administrados por la SAE a través de mecanismos de disposición temporal y definitiva que permitan la creación de valor público, social y ambiental; aporten al desarrollo territorial y productivo y garanticen la función social y ecológica de la propiedad. | D14: Adelantar entrega de activos por mecanismos de disposición temporal y/o definitiva, priorizando los procesos productivos, sociales, ambientales, así como la atención ante emergencias y desastres producto de fenómenos de variabilidad climática | E14: Atender las solicitudes de destinación provisional y definitiva de inmuebles urbanos | F14: Disposición Temporal | G14: Administración de Destinación Provisional | H14: Dirección para la Democratización de Activos Inmuebles Urbanos | I14: SÍ | J14: Trámite de solicitudes de destinación provisional y definitivas | K14: Gestión | L14: Eficacia | M14: Demanda | N14: (Solicitudes de destinación provisional y definitiva de inmuebles urbanos atendidas/ Solicitudes de destinación provisional y definitiva de inmuebles recibidas)*100% | O14: Objetivo del indicador: medir la atención de las solicitudes recibidas por entidades públicas, privadas y personas naturales de destinación provisional y definitivas de inmuebles urbanos. Numerador: para destinación provisional se considera una solicitud atendida cuando ésta es presentada al comité de depositarios, mandatarios y liquidadores, y para el caso de destinación definitiva con la solicitud de viabilidades jurídicas, técnicas y administrativas. Denominador: corresponde a las solicitudes de destinación provisional o definitiva de inmuebles urbanas allegadas por los canales oficiales de comunicación de SAE y que cumplan los requerimientos exigibles. | P14: 1 | Q14: Trimestral | R14: 49 | S14: 54 | T14: 0.4537037 | U14: 0.5 | V14: 0.90740741 | W14: En cuanto a las solicitudes de destinación provisional, la Dirección recibió catorce 14 solicitudes durante el T1 y dieciséis (16) solicitudes en el T2, de las cuales se atendieron diez (10) en T1 y catorce (14) en el segundo trimestre satisfactoriamente, contando con aprobación del Comité de Depositarios, Mandatarios y Liquidadores, y proyección de los Actos Administrativos. Respecto a las otras dos (2) solicitudes se está realizando la respectiva validación de documentos y requisitos para presentar los casos al Comité de Depositarios, Mandatarios y Liquidadores. De la misma manera, esta Dirección recibió durante el T1 (10) solicitudes y catorce (14) solicitudes durante el T2 sobre bienes inmuebles urbanos, de los cuales Se radicaron las solicitudes de viabilidad jurídica, técnica y administrativa sobre 9 en el T1 y once (11) durante el T2 , sobre tres (3) de los inmuebles no se realizaron solicitudes de viabilidades, debido a que no se anexó la totalidad de la información y los documentos requeridos. | Y14: Recordar que el reporte del numerador es acumulado. Durante el primer trimestre se reportaron 19 de 24 solicitudes. Si esta información ya está contenida en la información presentada, hacer caso omiso de este comentario. | AA14: =IF(R14=0,1,"") | AB14: =IF(AND(V14<70%,V14>0),1,"")
A15: 8 | B15: Productiva, social y ambiental | C15: 01. Democratizar los activos administrados por la SAE a través de mecanismos de disposición temporal y definitiva que permitan la creación de valor público, social y ambiental; aporten al desarrollo territorial y productivo y garanticen la función social y ecológica de la propiedad. | D15: Adelantar entrega de activos por mecanismos de disposición temporal y/o definitiva, priorizando los procesos productivos, sociales, ambientales, así como la atención ante emergencias y desastres producto de fenómenos de variabilidad climática | E15: Democratizar bienes muebles para el fomento de la economía popular | F15: DT. Disposición temporal DF. Disposición Final | G15: Administración directa Administración de destinación provisional Otras modalidades de disposición final | H15: Dirección para la Democratización de Activos Muebles | I15: SÍ | J15: Democratización de bienes muebles para el fomento de la economía popular | K15: Producto | L15: Eficacia | M15: Programación anual | N15: (Número de bienes muebles democratizados para el fomento de la economía popular/ Número de bienes muebles programados para el fomento de la economía popular)*100% | O15: Objetivo del indicador: medir el número de bienes entregados bajo mecanismos de disposición temporal y/o final por parte de la Gerencia de Muebles, para el fomento de la economía popular o la creación de valor público, social o ambiental. Numerador: corresponde al número de bienes muebles que se entregan bajo mecanismos de disposición temporal y/o final (Cuentas por participación, comodato, donaciones, destinaciones temporales y definitivas, entre otros esquemas) para el fomento de la economía popular o la creación de valor público, social o ambiental, a organizaciones comunitarias, organizaciones sin ánimo de lucro, entidades públicas u otro actor permitido y priorizado por la entidad. El numero de bienes muebles se consideran entregados cuando estos cuentan con resolución expedida de entrega. Denominador: corresponde al número de bienes muebles que se tienen programados para entrega bajo cualquier mecanismo de disposición temporal y/o definitiva para el fomento de la economía popular o la creación de valor público, social o ambiental. Observación: un ejemplo del alcance de este indicador aplicaría para el transporte de insumos, mano de obra o herramientas en el marco de proyectos ambientales, productivos o sociales. | P15: 40 | Q15: Trimestral | R15: 43 | S15: 45 | T15: 0.95555556 | U15: 0.5 | V15: 1 | W15: se han destinado 13 vehiculos para el fomebnto de la economia popular y se han entregado 30 semovientes bajo contrato de cuentas en participación a la asociación Asocampeje. | X15: se solicita una adicion en la meta estimada de 5 registros teniendo en cuenta que es lo que se encuentra en tramite de alistamiento y el rpoceso para finiquitar la actividad es muy complejo | Y15: Se solicita al área reevaluar la meta y proponer una nueva considerando el alcance del 108% durante el primer semestre. Esta solicitud debe realizarse utilizando la tabla compartida en el correo inicial de este hilo. | AA15: =IF(R15=0,1,"") | AB15: =IF(AND(V15<70%,V15>0),1,"")
A16: 9 | B16: Productiva, social y ambiental | C16: 01. Democratizar los activos administrados por la SAE a través de mecanismos de disposición temporal y definitiva que permitan la creación de valor público, social y ambiental; aporten al desarrollo territorial y productivo y garanticen la función social y ecológica de la propiedad. | D16: Adelantar destinaciones especiales temporales y definitivas, priorizando los procesos productivos, sociales, ambientales, así como la atención ante emergencias y desastres producto de fenómenos de variabilidad climática | E16: Democratizar bienes muebles para uso oficial o institucional | F16: Disposición Temporal Disposición Final | G16: Administración directa Administración de destinación provisional Otras modalidades de disposición final | H16: Dirección para la Democratización de Activos Muebles | I16: SÍ | J16: Democratización de bienes muebles para uso institucional | K16: Producto | L16: Eficacia | M16: Programación anual | N16: (Número de bienes muebles democratizados para uso oficial o institucional/ Número de bienes muebles programados para entrega y uso oficial o institucional)*100% | O16: Objetivo del indicador: medir el número de bienes entregados bajo mecanismos de disposición temporal y/o final por parte de la Gerencia de Muebles, para el uso oficial o institucional. Numerador: corresponde al número de bienes muebles que se entregan bajo mecanismos de disposición temporal y/o final (Cuentas por participación, comodato, donaciones, destinaciones temporales o definitivas, entre otros esquemas) para el uso oficial o institucional. El numero de bienes muebles se consideran entregados cuando estos cuentan con resolución expedida de entrega. Denominador: corresponde al número de bienes muebles que se tienen programados para entrega bajo cualquier mecanismo de disposición temporal y/o final para el uso oficial o institucional. Observación: un ejemplo del alcance de este indicador aplicaría para el desarrollo de actividades administrativas o de transporte institucional de uso oficial del estado. | P16: 60 | Q16: Trimestral | R16: 58 | S16: 65 | T16: 0.89230769 | U16: 0.5 | V16: 1 | W16: en expedicion de acto administrativo se encuentran 40 medios de transporte en expedicion de polizas 17 medios de transporte 1 medio de transporte ya entregado | X16: se incrementa la meta en 5 activos adicionales teniendo en cuenta que es el inventario que tenemos en tramite pero el proceso para cumplimiento de requisitos y culminar el ciclo depende de terceros y es muy complejo. | Y16: Se solicita al área reevaluar la meta y proponer una nueva considerando el alcance del 97% durante el primer semestre. Esta solicitud debe realizarse utilizando la tabla compartida en el correo inicial de este hilo. | AA16: =IF(R16=0,1,"") | AB16: =IF(AND(V16<70%,V16>0),1,"")
A17: 10 | B17: Productiva, social y ambiental | C17: 01. Democratizar los activos administrados por la SAE a través de mecanismos de disposición temporal y definitiva que permitan la creación de valor público, social y ambiental; aporten al desarrollo territorial y productivo y garanticen la función social y ecológica de la propiedad. | D17: Garantizar la inclusión de comunidades, organizaciones sociales y economías populares en condición de vulnerabilidad en los mecanismos de administración existentes | E17: Promover la participación de organizaciones comunitarias en las convocatorias de registro en el Banco de depositarios provisionales | F17: Recepción y Registro | G17: Administración del Registro de Depositarios Provisionales y Liquidadores del FRISCO | H17: Gerencia de Depositarios, Mandatarios y Liquidadores | I17: SÍ | J17: Organizaciones comunitarias registradas como Depositarios y Gerentes Provisionales | K17: Producto | L17: Eficacia | M17: Programación anual | N17: (Organizaciones comunitarias registradas como Depositarios y Gerentes Provisionales/ Meta estimada de organizaciones comunitarias en el registro de Depositarios Provisionales)*100% | O17: Objetivo del indicador: medir la inclusión de organizaciones comunitarias en el registro en el Banco de depositarios provisionales. Numerador: corresponde a las organizaciones comunitarias evaluadas y registradas en el Banco de Depositarios 2024 como depositario o gerente popular. Denominador: corresponde a la estimación de organizaciones comunitarias incluidas dentro del Banco de Depositarios. | P17: 46 | Q17: Trimestral | R17: 0 | S17: 23 | T17: 0 | U17: 0.5 | V17: 0 | W17: Actualmente (10/07/24), está abierta la Convocatoria 02 de 2024 de Gerentes Populares mediante la cual se busca conformar el registro de Gerentes Populares. Esta convocatoria está abierta desde el martes 21 de mayo de 2024. | X17: En el proceso de evaluación técnica, jurídica y de debida diligencia de las personas naturales y jurídicas inscritas se debe certificar la idoneidad de los aspirantes para que initegren el registro de Depositarios y Gerentes Populares. | Y17: Se solicita conservar la meta de 46 como denominador. | AA17: =IF(R17=0,1,"") -> 1 | AB17: =IF(AND(V17<70%,V17>0),1,"")
A18: 11 | B18: Productiva, social y ambiental | C18: 01. Democratizar los activos administrados por la SAE a través de mecanismos de disposición temporal y definitiva que permitan la creación de valor público, social y ambiental; aporten al desarrollo territorial y productivo y garanticen la función social y ecológica de la propiedad. | D18: Garantizar la inclusión de comunidades, organizaciones sociales y economías populares en condición de vulnerabilidad en los mecanismos de administración existentes | E18: Programar convocatorias para el registro de depositarios priorizando la inclusión de economías populares, comunitarias y otras comunidades con especial protección constitucional. | F18: Recepción y Registro | G18: Administración del Registro de Depositarios Provisionales y Liquidadores del FRISCO | H18: Gerencia de Depositarios, Mandatarios y Liquidadores | I18: SÍ | J18: Programación de Convocatorias para registro de Depositarios | K18: Gestión | L18: Eficacia | M18: Programación anual | N18: (Número de convocatorias realizadas / Número De convocatorias programadas) *100% | O18: Objetivo del indicador: medir las convocatorias realizadas para conformar el registro de depositarios provisionales. Numerador: corresponde a las convocatorias ejecutadas para conformar el registro de depositarios provisionales, hasta la aprobación del Comité de Depositarios, Liquidadores y Mandatarios. Denominador: las convocatorias programadas para el 2024 corresponden a 3 convocatorias. | P18: 3 | Q18: Trimestral | R18: 2 | S18: 3 | T18: 0.66666667 | U18: 0.5 | V18: 1 | W18: Actualmente (10/07/24), se han abierto dos (2) convocatorias con el objetivo de conformar el registro de Deposito Provisional. En primer lugar, se aperturó el día 17 de abril la convocatoria 01 de 2024 para registro de Depositarios Provisionales de Sociedades y Liquidadores. En segundo lugar, se publicó la convocatoria 02 de 2024 para la conformación de registro de Gerentes Populares. | X18: Las dos (2) convocatorias se encuentran en la fase de evaluación técnica, jurídica con sus respectivas subsanaciones. Conforme se vaya superando las etapas y validado la idoneidad de los aspirantes, se va conformando el registro para realizar asignación. | AA18: =IF(R18=0,1,"") | AB18: =IF(AND(V18<70%,V18>0),1,"")
A19: 12 | B19: Productiva, social y ambiental | C19: 02. Fomentar las economías populares y comunitarias a partir de proyectos estratégicos que generen valor público, social y ambiental. | D19: Implementar proyectos estratégicos con enfoque productivo, social y ambiental que permitan la creación de valor. | E19: Acompañar el desarrollo de los proyectos en o con activos de la SAE (En cualquier fase del ciclo de vida del proyecto) | F19: Direccionamiento Estratégico | G19: Gobierno y Gestión de la Estrategia | H19: Dirección de Proyectos | I19: SÍ | J19: Acompañamiento al desarrollo de proyectos priorizados con aliados locales, regionales, nacionales e internacionales | K19: Gestión | L19: Eficacia | M19: Demanda | N19: (Proyectos acompañados en sus diferentes fases del ciclo de vida / Proyectos priorizados por la Gerencia de Proyectos Especiales para el acompañamiento en la estructuración y/o desarrollo de proyectos que involucre los activos administrados por la SAE) *100% | O19: Objetivo del indicador: medir el acompañamiento realizado por la Gerencia de Proyectos Especiales para el desarrollo parcial o total de las diferentes etapas del ciclo de vida de los proyectos. Numerador: corresponde al acompañamiento en el desarrollo de los proyectos priorizados en las diferentes etapas de su ciclo de vida. Para entendimiento del cumplimiento del indicador, se considera que el acompañamiento a los proyectos se finaliza cuando se cuenta con desarrollo en cualquier fase del ciclo de vida de los proyectos priorizados por la Gerencia de Proyectos Especiales. En los casos en los que un proyecto cuente con acompañamiento en más de una fase del ciclo de vida de proyectos, solo se contará una vez. Denominador: Corresponde al número de proyectos priorizados por la Gerencia de Proyectos Especiales. | P19: 1 | Q19: Trimestral | R19: 42 | S19: 42 | T19: 0.5 | U19: 0.5 | V19: 1 | W19: Para el segundo trimestre de 2024, la Dirección de proyectos contó con 42 proyectos priorizados, de los cuales diecinueve (19) están en la categoría de proyectos agro productivos, ocho (8) en la categoría de enfoque de genero y quince (15) enla categoría de gerentes populares para el impulso a la economía popular con organizaciones de jóvenes y firmantes de paz. Del total de proyectos priorizados por la Dirección de Proyectos, 42 cuentan con asesoría y acompañamiento por parte de la dirección. | Y19: Durante el primer trimestre se reportaron 28 proyectos. Si durante el segundo trimestre se realizaron 42 más, se sugiere actualizar el numerador y el denominador a 70. La columna de Análisis del indicador se mantiene como está | AA19: =IF(R19=0,1,"") | AB19: =IF(AND(V19<70%,V19>0),1,"")
A20: 13 | B20: Financiera | C20: 03. Garantizar la efectiva transferencia de recursos a la Nación, en concordancia con lo establecido en la ley y contribuyendo a los propósitos del Plan Nacional de Desarrollo. | D20: Cumplimiento de transferencias de recursos a la Nación establecidas en la ley . | E20: Realizar las transferencias a la Nación y destinaciones específicas en recursos líquidos | F20: Gestión Financiera | G20: Tesorería | H20: Dirección Financiera | I20: SÍ | J20: Transferencias a la Nación y destinaciones específicas en recursos líquidos | K20: Producto | L20: Economía | M20: Programación anual | N20: (Sumatoria de los valores de las transferencias a favor de la nación y destinaciones específicas en recursos líquidos/ Meta de transferencias a favor de la Nación y destinaciones específicas en recursos líquidos) *100% | O20: Objetivo del indicador: medir las transferencias realizadas a la nación y destinaciones específicas en recursos líquidos. Este indicador se encuentra globalizado centralizado por la Gerencia Financiera con base en los ingresos producidos al interior de la entidad. Numerador: corresponde a la sumatoria de valores transferidos y destinados oficialmente a las entidades beneficiarias establecidas en la Ley. Denominador: corresponde a la meta establecida en el presupuesto aprobado por el Consejo Nacional de Estupefacientes. | P20: 335841000000 | Q20: Trimestral | R20: 321883062038 | S20: 335841000000 | T20: 0.95843885 | U20: 0.5 | V20: 1 | W20: Corresponde a los recursos líquidos transferidos a la Nación en cumplimiento del Artículo 91 de la Ley 1708 modificado por el artículo 22 de la Ley 1849 de 2017 para la Fiscalía General de la Nación, la Rama Judicial, Policía Judicial, Defensoría del Pueblo y la destinación especifica para el Fondo Victimas, Politica Antidrogas y FOMMUR . | AA20: =IF(R20=0,1,"") | AB20: =IF(AND(V20<70%,V20>0),1,"")
A21: 14 | B21: Financiera | C21: 03. Garantizar la efectiva transferencia de recursos a la Nación, en concordancia con lo establecido en la ley y contribuyendo a los propósitos del Plan Nacional de Desarrollo. | D21: Cumplimiento de transferencias de recursos a la Nación establecidas en la ley . | E21: Gestionar la monetización de divisas y el recaudo de moneda nacional | F21: Disposición Final | G21: Otras Modalidades de Disposición Final | H21: Dirección para la Democratización de Activos Muebles | I21: SÍ | J21: Transferencias realizadas a la Nación a través de divisas monetizadas y moneda nacional | K21: Producto | L21: Economía | M21: Programación anual | N21: (Valor monetizado y recaudado / Valor programado de divisas a monetizar y moneda nacional a recaudar)* 100% | O21: Objetivo del indicador: medir las transferencias realizadas a la Nación a través de divisas monetizadas y recaudo de moneda nacional identificada. Numerador: corresponde al valor monetizado de divisas a través del Banco de la República o de los intermediarios del mercado cambiario y a la moneda nacional recibida e identificada para su registro en el inventario de activos. Denominador: El valor programado de divisas a monetizar se refiere al valor de divisas (moneda extranjera) recibidas por SAE hasta el mes de septiembre del 2024. El valor de moneda nacional a recaudar corresponde al valor de la moneda en pesos colombianos entregada por parte la autoridad competente. | P21: 1 | Q21: Trimestral | R21: 4867749717 | S21: 4867749717 | T21: 1 | U21: 0.5 | V21: 1 | W21: Durante el 2 trimestre se identificaron 10 registros adicionales de moneda nacional y se solicito si ingreso al inventario por un valos $3,733,614,539 | AA21: =IF(R21=0,1,"") | AB21: =IF(AND(V21<70%,V21>0),1,"")
A22: 15 | B22: Financiera | C22: 04. Generar rentabilidad económica a partir de la diversificación de ingresos, para la inversión social y la lucha contra el crimen organizado. | D22: Adelantar procesos de comercialización y venta de activos | E22: Realizar gestion con el fin de apoyar la formalizacion de negocios pendientes de escrituración y registro. | F22: Disposición Final | G22: Comercialización de Activos | H22: Dirección Comercial | I22: SÍ | J22: Formalizacion de negocios pendientes de escrituracion y registro | K22: Gestión | L22: Eficacia | M22: Demanda | N22: Negocios escriturados y registrados / Negocios pendientes de escrituracion y registro. | O22: Objetivo del indicador: Medir la eficiencia del tramite de formalizacion de negocios( escriturados y registrados) en el periodo de ejecución. Numerador: Corresponde al número de negocios escriturados y registrados. Denominador: Corresponde a los negocios pendientes de escrituracion y registro en el periodo de ejecucion. | P22: 100% | Q22: Trimestral | R22: 82 | S22: 405 | T22: 0.10123457 | U22: 0.5 | V22: 0.20246914 | W22: Los negocios pendientes de escrituración y registro corresponden a contratos de compraventa de inmuebles que fueron aprobados durante la vigencia del contrato interadministrativo 011 de 2015 CISA-SAE. Desde el año 2023, la Dirección Comercial emprendió el reto de impulsar el saneamiento o formalización de estos negocios llevándolos al estadío de escritura y posteriormente al de registro. A la fecha, el universo es de 405 negocios y su comportamiento obedece a problemáticas que afectan la pronta formalización de los negocios en marcha principalmente relacionadas con la prescripción de pasivos a cargo de los bienes para su paso a escrituración, así como también los tiempos de las ORIP, entre otros. | X22: Se solicita ajustar la meta del indicador pasando de 505 a 405; toda vez que este es el universo que corresponde a la vigencia del 2024. La meta de 505 corresponde al acumulado de varias vigencias. Se solicita ajustar el comportamiento del indicador pasando de un indicador a “demanda” por un indicador de “programación anual”, dado que, este universo es fijo y corresponde a los negocios pendientes de formalizar a enero del 2024. Se solicita ajustar la meta del indicador pasando de 100% a un 70% lo que corresponde a 283 negocios, teniendo en cuenta que dicho universo cuenta con rezagos de varias vigencias anteriores, este fue el comportamiento del año anterior y en el cumplimiento del mismo se presentan una fuerte dependencia externa que afecta el cumplimiento del indicador. | Y22: Se recuerda que el numerador es un valor acumulado. Por lo tanto, no puede ser inferior al valor reportado y aprobado en comité directivo para el primer trimestre (218). Si es necesario modificar los valores para el primer trimestre, es necesario enviar la justificación de ese cambio, ya que dicho reporte ya está aprobado y publicado en página web. Por favor, realizar la solicitudes de cambio de indicador diligenciando la tabla incluida en el primer mensaje de este hilo de correos. | AA22: =IF(R22=0,1,"") | AB22: =IF(AND(V22<70%,V22>0),1,"") -> 1
A23: 16 | B23: Financiera | C23: 04. Generar rentabilidad económica a partir de la diversificación de ingresos, para la inversión social y la lucha contra el crimen organizado. | D23: Adelantar procesos de comercialización y venta de activos | E23: Gestionar el recaudo de ventas de inmuebles sociales y no sociales comercializados a través de la Gerencia Comercial | F23: Disposición Final | G23: Comercialización de Activos | H23: Dirección Comercial | I23: SÍ | J23: Recaudo por venta de inmuebles | K23: Producto | L23: Economía | M23: Programación anual | N23: (Valor de recaudo por ventas de inmuebles / Valor de recaudo de ventas de inmuebles proyectado para la vigencia)*100% | O23: Objetivo del indicador: medir el recaudo por la venta de inmuebles sociales y no sociales comercializados a través de la G. Comercial. Numerador: es el valor de recaudo por ventas de inmuebles sociales y no sociales comercializados a través de la G. Comercial. Este recaudo es producto de ventas directas, cuotas partes, ventas masivas y ventas a través del operador comercial. Denominador: corresponde al recaudo de ingresos por venta programado para la vigencia. | P23: 468000000000 | Q23: Trimestral | R23: 62730570745 | S23: 468000000000 | T23: 0.13403968 | U23: 0.5 | V23: 0.26807936 | W23: La adecuación del proceso con base en el convenio marco 044-2024 ha implicado la modificación de documentación y la parametrización de un micrositio especial para la venta de inmuebles a través de operador comercial. Dichas adecuaciones explican el comportamiento del indicador para el segundo trimestre. A la fecha, ya han sido publicados inmuebles de alto valor que esperan ser comercializados y así dar cumplimiento a la meta. | X23: Se solicita realizar los siguientes ajustes, teniendo en cuenta que el indicador mide la gestión realizada en la venta de inmuebles sociales y estos no son considerador como ingresos corrientes de SAE, sino de las sociedades, lo que no es constituido como un recaudo: El nombre del indicador a “Ingresos por venta de inmuebles” La fórmula del indicador a “(Valor de ingresos por ventas de inmuebles / Valor de ingresos de ventas de inmuebles proyectado para la vigencia) *100%. Descripción del indicador así: Objetivo del indicador: medir los ingresos por la venta de inmuebles sociales y no sociales comercializados a través de la Dirección Comercial. Numerador: es el valor de ingresos por ventas de inmuebles sociales y no sociales comercializados a través de la D. Comercial. Este ingreso es producto de ventas directas, cuotas partes, ventas masivas y ventas a través del operador comercial. Denominador: corresponde a los ingresos por venta programados para la vigencia. | Y23: El denominador del indicador, aprobado en Comité Directivo Asincrónico N. 4 del 28 de Junio y publicado, es de 468000000000 | AA23: =IF(R23=0,1,"") | AB23: =IF(AND(V23<70%,V23>0),1,"") -> 1
A24: 17 | B24: Financiera | C24: 04. Generar rentabilidad económica a partir de la diversificación de ingresos, para la inversión social y la lucha contra el crimen organizado. | D24: Adelantar procesos de comercialización y venta de activos | E24: Transmitir al operador comercial a través de la herramienta digital definida por la Entidad los bienes inmuebles que cuenten con alistamientos completos para la venta, comunicados por la Gerencia Técnica de SAE | F24: Disposición Final | G24: Comercialización de Activos | H24: Dirección Comercial | I24: SÍ | J24: Transmisión de inmuebles para venta a través de Operador Comercial | K24: Gestión | L24: Eficacia | M24: Demanda | N24: (Cantidad de inmuebles transmitidos al operador para su comercialización / Cantidad de inmuebles con alistamientos completos comunicados por la Gerencia Técnica )*100% | O24: Objetivo del indicador: medir la efectividad del envío de inmuebles para ser comercializados a través del operador comercial definido por la Entidad. Numerador: Cantidad de inmuebles transmitidos al operador para su comercialización. Es importante indicar que, una vez transmitidos los inmuebles podrán ser clasificados en diferentes estados de comercialización dependiendo esto de factires no atribuibles a la Gerencia Comercial. Denominador: Cantidad de inmuebles con alistamientos completos comunicados por la Gerencia Tecnica. Esto implica el cargue de los respectivos alistamientos jurídico y técnico en el aplicativo así como la actualización de toda la información de caracter técnico y administrativo indispensable para la exitosa transmisión del activo al operador comercial. | P24: 100% | Q24: Trimestral | R24: 44 | S24: 44 | T24: 0.5 | U24: 0.5 | V24: 1 | W24: Este proceso evalúa la gestión de una tarea específica dentro del procedimiento de venta. De acuerdo con el convenio marco No. 044-2024 con Central de Inversiones S.A., las actividades de publicación serán asumidas por la SAE, lo cual implica la eliminación del envío de inmuebles para su comercialización por parte de CISA. | X24: La transmisión está referida para la publicación de los inmuebles en portal de comercialización.En virtud del cambio del modelo de negocio con CISA S.A. esta actividad ya no se realiza, por lo que se solicita eliminar el indicador. | Y24: La justificación no es clara, teniendo en cuenta que el indicador no mide publicaciones, sino transmisión de inmuebles. Para el primer trimestre se reportaron 44 transmisiones. Se sugiere que la Dirección Comercial solicite a Planeación que el indicador no sea incluido en la evaluación de desempeño del área, dada la situación descrita. | AA24: =IF(R24=0,1,"") | AB24: =IF(AND(V24<70%,V24>0),1,"")
A25: 18 | B25: Financiera | C25: 04. Generar rentabilidad económica a partir de la diversificación de ingresos, para la inversión social y la lucha contra el crimen organizado. | D25: Generar ingresos producto de la administración o disposición temporal de activos | E25: Distribuir las utilidades generadas por sociedades activas al FRISCO | F25: Disposición Temporal | G25: Administración de Depósitos Provisionales | H25: Dirección de Gobierno, Control y Democratización de Sociedades | I25: SÍ | J25: Cumplimiento del presupuesto de ingreso de Sociedades Activas | K25: Producto | L25: Economía | M25: Programación anual | N25: (Ingresos económicos generados por sociedades y establecimientos de comercio / Ingresos económicos estimados a distribuir al FRISCO)*100% | O25: Objetivo del indicador: medir la generación de ingresos a partir de las ventas y productividad de sociedades activas y establecimientos de comercio. Numerador: corresponde al valor ventas, utilidades y demás recursos que ingresen al FRISCO producto de alguna gestion realizada por la gerencia de sociedades activas. Denominador: corresponde al presupuesto de ingreso estimado para la Gerencia de Sociedades Activas, que incluye todos los recursos por cualquier concepto que ingresen al FRISCO producto de alguna gestion realizada por la vicepresidencia de sociedades. | P25: 225000000000 | Q25: Trimestral | R25: 4013345561 | S25: 225000000000 | T25: 0.017837091 | U25: 0.5 | V25: 0.035674183 | W25: Se reportan ingresos por concepto de utilidades de las siguientes sociedades: - PSTC (09/05/2024 = $1,200,000,000.00) - INVERAUTOS (20/05/2024 = $487,580,114.00) - DEPOSITO BRISAS DEL CAGUAN (28/05/2024 = $107,357,391.72) - DROGAS LA REBAJA (14/06/2024 = $1,610,923,050.00) - MEPRECOL (28/06/2024 = $458,476,500) - CREDIREBAJA (20/06/2024 = $34,261,000) - ESTACIÓN DE SERVICIOS ZONA FRANCA LA VIRGINIA (26/06/2024 = $114,747,506) | X25: En las asambleas del segundo semestre se decretó un total de $17,885,108,113.00 COP en utilidades, de las cuales se pacta su consignación dentro de los siguientes periodos. Adicionalmente, esta Dirección solicita ajustar el indicador, para que únicamente se tenga en cuenta el monto de Utilidades que recibe el FRISCO. Teniendo en cuenta que la venta de sociedades dependende de factores externos que no se pueden garantizar. | AA25: =IF(R25=0,1,"") | AB25: =IF(AND(V25<70%,V25>0),1,"") -> 1
A26: 19 | B26: Financiera | C26: 04. Generar rentabilidad económica a partir de la diversificación de ingresos, para la inversión social y la lucha contra el crimen organizado. | D26: Diseñar y/o implementar estrategias de ahorro en la administración de activos. | E26: Disponer de manera definitiva los activos entregados por las extintas FARC que no cuenten con potencial de comercialización | F26: Disposición Final | G26: Comercialización de Activos Otras Modalidades de Disposición Final | H26: Dirección de Proyectos | I26: SÍ | J26: Disposición Final de activos entregados por las extintas FARC | K26: Producto | L26: Eficacia | M26: Programación anual | N26: (Activos entregados por las extintas FARC dispuestos de manera definitiva/Activos programados a disponer de manera definitiva)*100% | O26: Objetivo del indicador: medir la disposición final de los activos entregados por las extintas FARC que no cuenten con potencial de comercialización Numerador: activos entregados por las extintas FARC, dispuestos de manera definitiva por mecanismos de chatarrización, destrucción o donación. Denominador: los activos programados y con alistamiento para disponer de manera definitiva corresponden a los bienes a chatarrizar, destruir o donar, que no fueron objeto de interés en los procesos de comercialización, es decir, que al menos cuenten con aprobación del consejo fiduciario para su respectiva disposición. Esta meta es variable conforme al comportamiento de la comercialización de activos. | P26: 1 | Q26: Trimestral | R26: 0 | S26: 0 | T26: 0 | U26: 0.5 | V26: 0 | W26: Para el segundo trimestre de 2024, se realizaron las siguientes actividades como avance en la destinación final de 732 unidades de bienes muebles: * Uniformes militares (intendencia): 484 ud. - Se realizó la gestión de consecución de los recursos económicos necesarios para la ejecución del proyecto, por lo que se tiene previsto para el tercer trimestre de 2024, la citación a Comité Técnico de la SAE y a Consejo FIduciario para emitir la aprobación de la donación de estos activos. * Radios y accesorios: 248 ud. - Se realizó la aprobación de donación al Comité Técnico de la SAE, se convocó y realizó Consejo Fiduciario para solicitar la activación de la Subcomisión presupuestal y se tiene previsto para el tercer trimestre de 2024 la citación a Consejo Fiduciario para solicitar la aprobación definitiva de la donación de los radios y sus accesorios ante esta instancia y proceder a su entrega material | X26: En atención a que este indicador esta supeditado a los tiempos determinados por las entidades públicas que emiten aprobación a las destinaciones finales (destrucción, chatarrización y destrucción), se tiene previsto según plan de acción de la Dirección de Proyectos dar cumplimiento a la meta establecida en el tercer trimestre de 2024 | AA26: =IF(R26=0,1,"") -> 1 | AB26: =IF(AND(V26<70%,V26>0),1,"")
A27: 21 | B27: Financiera | C27: 04. Generar rentabilidad económica a partir de la diversificación de ingresos, para la inversión social y la lucha contra el crimen organizado. | D27: Adelantar procesos de comercialización y venta de activos | E27: Entregar a las Gerencias de Inmuebles los remanentes en inmuebles por liquidación de sociedades | F27: Disposición Final | G27: Comercialización de Activos | H27: Dirección de Seguimiento y Control de Liquidaciones | I27: SÍ | J27: Entrega de remanentes en inmuebles por liquidación de Sociedades | K27: Producto | L27: Economía | M27: Programación anual | N27: (Remanentes en inmuebles entregados por liquidación de sociedades / Remanentes en inmuebles de sociedades en liquidación estimados para entrega) *100% | O27: Objetivo del indicador: medir la entrega de remanentes en inmuebles a favor del FRISCO por liquidación de Sociedades. Numerador: los remanentes en inmuebles corresponden a los activos sociales producto de la liquidación de la sociedad. Denominador: la estimación de los remanentes se realiza con base en la valoración patrimonial de los activos sociales priorizados para la vigencia. | P27: 7842597469 | Q27: Trimestral | R27: 10685933444 | S27: 7842597469 | T27: 1.3625503 | U27: 0.5 | V27: 1 | W27: En el segundo trimestre se realizo la entrega anticipada del FMI 088-10570 de propiedad de la sociedad AGROPECUARIA RIO GRANDE SA EN LIQUIDACIÓN, formalizado a traves de memorando No. 20245100047343 | X27: Se han realizado mesas de trabajo con la Vicepresidencia De Bienes Muebles e Inmuebles con fin de revisar a profundidad el “ N-DF2-059 Instructivo Remanentes bienes sociales a ingresar al FRISCO y en ese sentido alinear el procedimeinto para continuar con las entregas | AA27: =IF(R27=0,1,"") | AB27: =IF(AND(V27<70%,V27>0),1,"")
A28: 22 | B28: Financiera | C28: 04. Generar rentabilidad económica a partir de la diversificación de ingresos, para la inversión social y la lucha contra el crimen organizado. | D28: Adelantar procesos de comercialización y venta de activos | E28: Entregar a la Gerencia Financiera los remanentes líquidos por la liquidación de sociedades | F28: Disposición Final | G28: Comercialización de Activos | H28: Dirección de Seguimiento y Control de Liquidaciones | I28: SÍ | J28: Entrega de remanentes líquidos por liquidación de Sociedades | K28: Producto | L28: Economía | M28: Programación anual | N28: (Remanentes líquidos entregados por liquidación de sociedades / Remanentes líquidos de sociedades en liquidación estimados para entrega) *100% | O28: Objetivo del indicador: medir la entrega de recursos líquidos realizada a favor del FRISCO por liquidación de Sociedades. Numerador: los remanentes líquidos corresponden a los dineros provenientes de la liquidación de las sociedades. Denominador: la estimación de los remanentes se realiza con base en la valoración patrimonial de las sociedades priorizadas para la vigencia. | P28: 12472577991 | Q28: Trimestral | R28: 12426059368 | S28: 12472577991 | T28: 0.99627033 | U28: 0.5 | V28: 1 | W28: - Con memorando No. 20245100073763 del 13 de junio del 2024 la sociedad COMPAÑÍA COSTRUCTORA Y COMERCIALIZADORA DEL SUR LIMITADA COSUR LTDA EN LIQUIDACION formalizo la entrega de remanente liquidado anticipado por valor de $1,740,125,924 -Con memorando No. 20245100075993 la sociedad CONSTRUCCIONES MIRAMAR LIMITADA EN LIQUIDACIÓN formalizo la entrega de remanente liquidado Final por valor de $10.685.933.444 | AA28: =IF(R28=0,1,"") | AB28: =IF(AND(V28<70%,V28>0),1,"")
A29: 23 | B29: Financiera | C29: 04. Generar rentabilidad económica a partir de la diversificación de ingresos, para la inversión social y la lucha contra el crimen organizado. | D29: Diseñar y/o implementar estrategias de ahorro en la administración de activos. | E29: Reducir el inventario de las sociedades en liquidación con activos | F29: Disposición Final | G29: Comercialización de Activos | H29: Dirección de Seguimiento y Control de Liquidaciones | I29: SÍ | J29: Liquidación de sociedades con activos | K29: Producto | L29: Eficacia | M29: Programación anual | N29: (Sociedades con activos liquidadas / Sociedades con activos priorizados para cierre liquidatario) *100% | O29: Objetivo del indicador: medir la reducción del inventario de las sociedades con activos en liquidación. Numerador: corresponde a las sociedades liquidadas registrados en el sistema de información de SAE con marcación de "Pre -Estado" en el inventario. Denominador: corresponde a las sociedades con activos priorizadas para cierre liquidatario en la vigencia 2024. | P29: 4 | Q29: Trimestral | R29: 2 | S29: 4 | T29: 0.5 | U29: 0.5 | V29: 1 | W29: En virtud del “P-DF2-107 Procedimiento Entrega de Activos”, las siguientes sociedades cuentan con la marcación de PRE-ESTADO, en el aplicativa sigma para el primer trimeste - GANADERIA LA REFORMA LIMITADA EN LIQUIDACIÓN - COMICARSA SA EN LIQUIDACIÓN | AA29: =IF(R29=0,1,"") | AB29: =IF(AND(V29<70%,V29>0),1,"")
A30: 24 | B30: Financiera | C30: 04. Generar rentabilidad económica a partir de la diversificación de ingresos, para la inversión social y la lucha contra el crimen organizado. | D30: Diseñar y/o implementar estrategias de ahorro en la administración de activos. | E30: Reducir el inventario de las sociedades en liquidación sin activos y cancelar matrículas de establecimientos de comercio | F30: Disposición Final | G30: Otras Modalidades de Disposición Final | H30: Dirección de Seguimiento y Control de Liquidaciones | I30: SÍ | J30: Liquidación de sociedades sin activos y cancelación de matrículas de establecimientos de comercio | K30: Producto | L30: Eficacia | M30: Programación anual | N30: (Sociedades sin activos con cierre de procesos liquidatarios y establecimientos de comercio con cancelación de matrículas / Sociedades sin activos y establecimientos de comercio priorizados para cierre liquidatario) *100% | O30: Objetivo del indicador: medir la reducción del inventario respecto a la cancelación de matrículas de las sociedades en liquidación sin activos y de los establecimientos de comercio. Numerador: corresponde a las sociedades sin activos liquidadas y establecimientos de comercio con cancelación de matrículas registrados en el sistema de información de SAE con marcación de " Pre- Estado" en el inventario. Denominador: corresponde a las sociedades sin activos y establecimientos de comercio priorizados para cierre liquidatario o cancelación de matrícula en la vigencia 2024. | P30: 170 | Q30: Trimestral | R30: 20 | S30: 170 | T30: 0.11764706 | U30: 0.5 | V30: 0.23529412 | W30: Para el segundo trimestre se realizaron 20 cambios de estado en el inventario de sociedaes y establecimientos de papel. | X30: • Asimismo, se solicitó la viabilidad jurídicade 35 sociedades de papel que tienen cuenta de acta final a la fecha no han dado respuesta, una vez den viabilidad juridica se presentara a comite tecnico de sociedades aprobacion de enajenacion temprana conforme al articulo 93 numeral 7 de la ley 1708 de 2014. • Se adelantó por parte de la Dirección circularización de 32 sociedades de papel extintas, para determinar la existencia o no de activos y consecuencia de ello. Una vez concluyo la circularizaciónn se han 19 celebrado asambleas y/o junta de socios de para continuar el tramite de liquidcaion y esta proximas a realizarse 8 asambleas mas. | Y30: De acuerdo al instructivo entregado, cuando un indicador presenta un avance inferior al 70%, es necesario indicar en la columna de observaciones las actividades que se realizarán para cumplir la meta en el próximo trimestre. La columna de Análisis del indicador se usa para detallar el avance reportado en el numerador. | AA30: =IF(R30=0,1,"") | AB30: =IF(AND(V30<70%,V30>0),1,"") -> 1
A31: 25 | B31: Financiera | C31: 04. Generar rentabilidad económica a partir de la diversificación de ingresos, para la inversión social y la lucha contra el crimen organizado. | D31: Fortalecer el modelo de seguimiento y control de los recursos económicos | E31: Realizar el seguimiento y control de la ejecución presupuestal de gasto de FRISCO | F31: Gestión Financiera | G31: Presupuesto | H31: Dirección Financiera | I31: NO | J31: Ejecución presupuestal de gasto de FRISCO | K31: Gestión | L31: Economía | M31: Programación anual | N31: (Valor del presupuesto de gasto ejecutado en FRISCO / Valor del Presupuesto de gasto FRISCO aprobado) *100% | O31: Objetivo del indicador: medir la ejecución presupuestal de gastos de FRISCO aprobados en la vigencia Numerador: corresponde al presupuesto ejecutado, acumulado y registrado en el aplicativo financiero. Denominador: el valor de presupuesto de gasto de FRISCO programado corresponde al aprobado por el Consejo Nacional de Estupefacientes. Observación: este indicador es globalizado centralizado por esta Gerencia, con base en la ejecución presupuestal de las áreas. | P31: 612490000000 | Q31: Trimestral | R31: 466133239566 | S31: 612490000000 | T31: 0.76104629 | U31: 0.5 | V31: 1 | W31: El porcentaje de ejecución sobre compromisos se encuentra en un 76% sobre la meta anual, donde el rubro más representativo son las destinaciones especificas, transferencias del Artículo 91 de la Ley 1708 de 2014 y los gastos de funcionamiento de la SAE | AA31: =IF(R31=0,1,"") | AB31: =IF(AND(V31<70%,V31>0),1,"")
A32: 26 | B32: Financiera | C32: 04. Generar rentabilidad económica a partir de la diversificación de ingresos, para la inversión social y la lucha contra el crimen organizado. | D32: Fortalecer el modelo de seguimiento y control de los recursos económicos | E32: Realizar el seguimiento y control de la ejecución presupuestal de gasto de SAE | F32: Gestión Financiera | G32: Presupuesto | H32: Dirección Financiera | I32: NO | J32: Ejecución presupuestal de gasto de SAE | K32: Gestión | L32: Economía | M32: Programación anual | N32: (Valor del presupuesto de gasto ejecutado en SAE / Valor del Presupuesto de gasto SAE aprobado ) *100% | O32: Objetivo del indicador: medir la ejecución presupuestal de gastos de SAE aprobados en la vigencia. Numerador: corresponde al presupuesto ejecutado, acumulado y registrado en el aplicativo financiero. Denominador: el valor de presupuesto de gasto de SAE programado corresponde al aprobado por la Junta Directiva. Observación: este indicador es globalizado centralizado por esta Gerencia, con base en la ejecución presupuestal de las áreas. | P32: 127000000000 | Q32: Trimestral | R32: 56287503717 | S32: 127836393814 | T32: 0.44030891 | U32: 0.5 | V32: 0.88061783 | W32: El porcentaje de ejecución sobre compromisos fue del 44% sobre la meta anual, donde el rubro más representativo obedece al concepto de gastos asociados a la nómina, seguido por el rubro de arrendamientos de bienes inmuebles. | AA32: =IF(R32=0,1,"") | AB32: =IF(AND(V32<70%,V32>0),1,"")
A33: 27 | B33: Financiera | C33: 04. Generar rentabilidad económica a partir de la diversificación de ingresos, para la inversión social y la lucha contra el crimen organizado. | D33: Diversificar y fortalecer el portafolio de inversiones de la SAE. | E33: Realizar inversiones de recursos líquidos de acuerdo con el Decreto 1525 del 2008 mediante estrategias de inversión que permitan aumentar la rentabilidad. | F33: Gestión Financiera | G33: Tesorería | H33: Dirección Financiera | I33: SÍ | J33: Valor total de rendimientos de inversión con recursos líquidos extintos y en proceso | K33: Producto | L33: Economía | M33: Programación anual | N33: (Valor total de rendimientos obtenidos de inversiones con recursos líquidos extintos y en proceso / Meta de rendimientos financieros esperados con inversiones realizadas) *100% | O33: Objetivo del indicador: medir la obtención del valor total de los rendimientos esperados de la inversión de recursos líquidos extintos y en proceso. Numerador: corresponde al valor recibido producto de las inversiones en CDTs, TES, fondos de inversión u otros permitidos en la Ley, de acuerdo con la periodicidad de la inversión. Denominador: corresponde al valor presupuestado de rendimientos por inversión en la vigencia. | P33: 60000000000 | Q33: Trimestral | R33: 52609597487 | S33: 60000000000 | T33: 0.87682662 | U33: 0.5 | V33: 1 | W33: La entidad durante la vigencia 2024 a corte junio genero rendimientos financieros por valor de $ $52,609,597,487.48, este recaudo se logra debido al aprovechamiento de las altas tasas de inversion del mercado financiero, siendo los fondos de inversion colectiva el instrumento de inversion con la mayor rentabilidad con el 12.08%EA. | AA33: =IF(R33=0,1,"") | AB33: =IF(AND(V33<70%,V33>0),1,"")
A34: 28 | B34: Financiera | C34: 04. Generar rentabilidad económica a partir de la diversificación de ingresos, para la inversión social y la lucha contra el crimen organizado. | D34: Adelantar procesos de comercialización y venta de activos | E34: Realizar las fichas técnicas de caracterización de Inmuebles Rurales para su comercialización | F34: Diagnóstico y Alistamiento | G34: Alistamiento de Activos | H34: Dirección para la Democratización de Activos Inmuebles Rurales | I34: SÍ | J34: Fichas técnicas de caracterización de Inmuebles Rurales entregadas a Gerencia Técnica para comercialización | K34: Gestión | L34: Eficacia | M34: Demanda | N34: (Folios de Matrícula Inmobiliaria de inmuebles rurales con ficha de caracterización para comercialización /Folios de Matrícula Inmobiliaria de inmuebles rurales con solicitud de fichas de caracterización para comercialización) *100% | O34: Objetivo del indicador: medir el proceso de caracterización técnica de inmuebles rurales para disponerlos de manera definitiva mediante enajenación. Numerador: corresponde al número de folios de matrícula de inmuebles rurales que cuentan con fichas de caracterización predial elaboradas o actualizadas para el proceso de enajenación. Denominador: corresponde a los folios de matrícula inmersos en procesos de enajenación que cuenten con solicitud de elaboración de ficha técnica de caracterización predial por parte de las diferentes áreas. | P34: 1 | Q34: Trimestral | R34: 70 | S34: 57 | T34: 0.61403509 | U34: 0.5 | V34: 1 | W34: Se resalta que del periodo reportado se reaslizaron 8 fichas tecnicas sobre 8 solicitudes presentadas | AA34: =IF(R34=0,1,"") | AB34: =IF(AND(V34<70%,V34>0),1,"")
A35: 29 | B35: Financiera | C35: 04. Generar rentabilidad económica a partir de la diversificación de ingresos, para la inversión social y la lucha contra el crimen organizado. | D35: Adelantar procesos de comercialización y venta de activos | E35: Articular el alistamiento completo de los inmuebles urbanos objeto de enajenación temprana. | F35: Diagnóstico y Alistamiento | G35: Alistamiento de Activos | H35: Dirección para la Democratización de Activos Inmuebles Urbanos | I35: SÍ | J35: Alistamiento de inmuebles urbanos para enajenación temprana | K35: Gestión | L35: Eficacia | M35: Demanda | N35: (Inmuebles urbanos con revisión documental completa para presentación a Comité de Enajenación Temprana/ Inmuebles urbanos potenciales para enajenación temprana objeto de revisión)*100% | O35: Objetivo del indicador: medir el alistamiento completo de los inmuebles urbanos para presentación al Comité de Enajenación Temprana. Numerador: la revisión documental completa de los inmuebles potenciales para enajenación temprana bajo cualquier causal de enajenación, aborda la revisión de la existencia de las viabilidades jurídicas, técnicas y administrativas, junto con la revisión de fichas de enajenación temprana cuando aplique. Para los inmuebles a enajenar bajo la causal C4 y C7 no se requerirá de fichas de enajenación temprana, sino que se verificará que toda la información esté cargada en Sigma 2.0, contar con la certificación de administración por mínimo 5 años, y la existencia de la viabilidad jurídica respectiva. Denominador: los inmuebles urbanos a revisar serán aquellos que cuentan con fichas de enajenación temprana elaboradas y remitidas por parte de las gerencias regionales, y los inmuebles bajo las causales C4 y C7 de enajenación temprana que requieran alistamiento documental para presentación a Comité de Enajenación Temprana. | P35: 1 | Q35: Trimestral | R35: 133 | S35: 133 | T35: 0.5 | U35: 0.5 | V35: 1 | W35: 1. Se continúa con la priorización por parte de la Vicepresidencia de Activos Muebles e Inmuebles y la Dirección para la Democratización de Activos Rurales para el ALISTAMIENTO de predios RURALES para venta a la ANT. 2. Durante el primer trimestre de 2024, se realizó el alistamiento y presentacion a Comité Técnico de un total de 124 predios URBANOS; 124 por causal 7 componente de 5 años de administracion ,asi mismo en el segundo trimestre se presentaron 9 casos por la causal 7 en el (Comité Técnico No. 15-2024) | Y35: Recordar que el reporte del numerador es acumulado. Durante el primer trimestre se reportaron 124 inmuebles urbanos para alistamiento. El reporte para el segundo trimestre no puede ser inferior a ese número. | AA35: =IF(R35=0,1,"") | AB35: =IF(AND(V35<70%,V35>0),1,"")
A36: 30 | B36: Financiera | C36: 04. Generar rentabilidad económica a partir de la diversificación de ingresos, para la inversión social y la lucha contra el crimen organizado. | D36: Diseñar y/o implementar estrategias de ahorro en la administración de activos. | E36: Generar ahorros producto de la implementación de esquemas de disposición temporal o definitiva de los bienes muebles | F36: Disposición Temporal Disposición Final | G36: Administración de destinación provisional Otras modalidades de disposición final | H36: Dirección para la Democratización de Activos Muebles | I36: SÍ | J36: Ahorro por disposición temporal o definitiva de bienes muebles | K36: Gestión | L36: Economía | M36: Programación anual | N36: ( Valor de ahorro de bienes muebles por disposición temporal y final/ Valor proyectado de ahorro para la vigencia de bienes muebles a disponer temporal o definitivamente)*100% | O36: Objetivo del indicador: medir el valor del ahorro en la vigencia, generado por la disposición temporal o definitiva de bienes muebles. Numerador: corresponde al valor económico ahorrado en la vigencia por disposición temporal o definitiva de bienes muebles. Denominador: corresponde al valor proyectado de ahorro (costos directos por almacenamiento y bodegaje) desde la fecha de entrega de disposición temporal o definitiva hasta el cierre de la vigencia. | P36: 700000000 | Q36: Trimestral | R36: 277576660 | S36: 700000000 | T36: 0.39653809 | U36: 0.5 | V36: 0.79307617 | W36: Se ha generado ahorro por disposicion final y temporal de la suma de $37,084,660 Gestión de ahorro por traslado de operadores logisticos y dismiinución de costos de almacenamiento. $240,492,000 | Y36: De acuerdo al instructivo entregado, cuando un indicador presenta un avance inferior al 70%, es necesario indicar en la columna de observaciones las actividades que se realizarán para cumplir la meta en el próximo trimestre. La columna de Análisis del indicador se usa para detallar el avance reportado en el numerador. | AA36: =IF(R36=0,1,"") | AB36: =IF(AND(V36<70%,V36>0),1,"")
A37: 31 | B37: Financiera | C37: 04. Generar rentabilidad económica a partir de la diversificación de ingresos, para la inversión social y la lucha contra el crimen organizado. | D37: Diseñar y/o implementar estrategias de ahorro en la administración de activos. | E37: Realizar la chatarrización de bienes muebles generando ahorros para la Entidad | F37: Disposición Final | G37: Otras Modalidades de Disposición Final | H37: Dirección para la Democratización de Activos Muebles | I37: SÍ | J37: Chatarrizaciones realizadas | K37: Gestión | L37: Eficacia | M37: Programación anual | N37: (Número de bienes entregados a la desintegradora para chatarrizar / Número de bienes programados para chatarrización) *100% | O37: Objetivo del indicador: medir la chatarrización de los bienes muebles. Numerador: bienes muebles entregados a la desintegradora. Denominador: corresponde al número de bienes programados para chatarrización como los medios de transporte de material ferroso con concepto favorable para chatarrizar. | P37: 150 | Q37: Trimestral | R37: 11 | S37: 150 | T37: 0.073333333 | U37: 0.5 | V37: 0.14666667 | W37: No se cumplio el indicador ya que pese a que los alistamientos de bienes para chatarra se encuentran listos no ha sido posible la firma de los actos administrativos, prerequisito para adelantar las gestiones de esta disposicion final | X37: Se encuentran en tramite de expedición de actos administrativos 99 vehiculos, se aprobaron 20 vehiculos mas en comite tecnico No. 18 y se estan generando esos actos administrativos desde esta direccion para ser remitidos a las otras instancias de aprobación, y en la sesión 7 del comite de enajenacion temprana se presentaran 20 medios de transporte para chatarrización, con estos alistamientos se estaria generando el cumplimiento de meta, es importante informar que las demoras en los insumos requeridos para esta disposicion final origino un reporte de salida no conforme a la Dirección de planeación y la materializacion de un riesgo fiscal el cual ya esta en tramite en la Direccion de Etica y cumplimiento. | AA37: =IF(R37=0,1,"") | AB37: =IF(AND(V37<70%,V37>0),1,"") -> 1
A38: 32 | B38: Financiera | C38: 04. Generar rentabilidad económica a partir de la diversificación de ingresos, para la inversión social y la lucha contra el crimen organizado. | D38: Diseñar y/o implementar estrategias de ahorro en la administración de activos. | E38: Reducir los inventarios de bienes muebles que implican un impacto ambiental | F38: Disposición Final | G38: Otras Modalidades de Disposición Final | H38: Dirección para la Democratización de Activos Muebles | I38: SÍ | J38: Destrucción de bienes muebles que puedan generar un impacto ambiental | K38: Gestión | L38: Eficacia | M38: Demanda | N38: (Número de toneladas de bienes muebles destruidos / Total de toneladas de bienes muebles objeto a destruir) *100% | O38: Objetivo del indicador: medir la destrucción de bienes muebles para mitigar el impacto ambiental en toneladas. Numerador: corresponde a las toneladas de los bienes muebles destruidos que puedan generar un impacto ambiental. El denominador: corresponde al total de toneladas de bienes muebles que puedan generar un impacto ambiental y que son programados para ser destruidos en el vigencia (sustancias químicas, minerales y los muebles y enseres que tengan conceptos técnicos de destrucción). | P38: 15 | Q38: Trimestral | R38: 0 | S38: 0 | T38: 0 | U38: 0.5 | V38: 0 | W38: el inclumplimiento de este indicador obedece a la demora en los insumos requeridos por otras dependencias para adelantar el proceso de disposicion final, en cuanto a muebles contamos con una resolucioin que autoriza la destruccion de 611 elementos, pero se encuentra en tramite la contratación de la firma que adelantara el proceso de disposicion final por parte de la Vicepresidencia Corporativa. En el caso de las sustancias quimicas estamos a la espera de la firma de un acto administrativo que nos permitiria destruir aproximadamente 5 toneladas de esta tipologia de bienes. | X38: contamos con 611 registros de muebles con acto administrativo en firme, en espera de contrato desintegracion el cual esta liderando la Direccion Administrativa y 4 registros de sustancias que representan 5 toneladas pendiente de la aprobacion y firma del acto admon remitido hace mas de 1 año. es importante informar que las demoras en los insumos requeridos para esta disposicion final origino un reporte de salida no conforme a la Dirección de planeación y la materializacion de un riesgo fiscal el cual ya esta en tramite en la Direccion de Etica y cumplimiento. | AA38: =IF(R38=0,1,"") -> 1 | AB38: =IF(AND(V38<70%,V38>0),1,"")
A39: 33 | B39: Financiera | C39: 04. Generar rentabilidad económica a partir de la diversificación de ingresos, para la inversión social y la lucha contra el crimen organizado. | D39: Adelantar procesos de comercialización y venta de activos | E39: Gestionar la generación de ingresos a partir de la disposición de bienes muebles | F39: Disposición Final | G39: Comercialización de Activos | H39: Dirección para la Democratización de Activos Muebles | I39: SÍ | J39: Ingresos por disposición final de bienes muebles | K39: Producto | L39: Economía | M39: Programación anual | N39: (Valor total de ingresos recibidos por disposición final de bienes muebles / Valor total presupuestado por concepto de ingresos por disposición final de bienes muebles) *100% | O39: Objetivo del indicador: medir la generación de ingresos por disposición final de bienes muebles. Numerador: corresponde a los ingresos por concepto de venta, chatarrización, siniestro, entre otras modalidades de disposición final. El tipo de muebles a disponer finalmente pueden ser: * Semovientes * Muebles y enseres * Medios de transporte * Oro * Obras de arte. * Sustancias químicas * Joyas Denominador: el valor presupuestado de ingresos corresponde al valor de venta de los bienes muebles valorados como comerciales a partir del precio mínimo de ventas; al valor proyectado de ingresos por chatarrización, y al valor de ingresos por siniestro producto de reclamaciones a las aseguradoras, entre otros. | P39: 16200000000 | Q39: Trimestral | R39: 3720152170 | S39: 16200000000 | T39: 0.22963902 | U39: 0.5 | V39: 0.45927805 | W39: La baja ejecucion en este indicador obedece a la demora de insumos requeridos de otras dependencias necesarios para adelantar los procesos de disposicion final, en donde esta Direccion ya adelanto gestiones como son reportes de salidas no conformes a la Dirección de planeacion, referente a las demoras en respuestas a solcitudes de viabilidades juridicas y tecnicas y expedicion de actos administrativos. | X39: a la fecha se lleva un total acumulado de bienes comercializados por los siguientes conceptos: semovientes: $1,356,224,800 medios de transporte: $1,863,783,185 otros ingresos. 13,703,101 Productividad lechera: $486.441,084 | AA39: =IF(R39=0,1,"") | AB39: =IF(AND(V39<70%,V39>0),1,"") -> 1
A40: 34 | B40: Financiera | C40: 04. Generar rentabilidad económica a partir de la diversificación de ingresos, para la inversión social y la lucha contra el crimen organizado. | D40: Generar ingresos producto de la administración o disposición temporal de activos | E40: Recaudar ingresos producto de contratos suscritos bajo el esquema de administración temporal | F40: Disposición Temporal | G40: Administración Directa | H40: Dirección Territorial Caribe | I40: SÍ | J40: Recaudo de Contratos | K40: Gestión | L40: Economía | M40: Programación anual | N40: (Valor recaudado/ Meta de recaudo esperado producto de contratos bajo esquemas de administración temporal)*100% | O40: Objetivo del indicador: medir el recaudo realizado producto de contratos bajo esquemas de administración temporal. Numerador: corresponde al valor recaudado producto de contratos de arrendamiento, de transacción, de legalización, saneamiento (reconocimiento de contratos de arrendamiento de bienes inmuebles) y recuperación de cartera. Denominador: corresponde al valor económico de recaudo establecido como meta para la anualidad. | P40: 30000000000 | Q40: Trimestral | R40: 5888547770 | S40: 30000000000 | T40: 0.19628493 | U40: 0.5 | V40: 0.39256985 | W40: El valor del recaudo actual obedece a que solo un aproximado del 58% de los contratos se encuentran facturando. Para el 42% de los contratos se está gestionando el saneamiento de estos y prorrogas pendientes asi como terminaciones pendientes por aplicar en sistema. Asi mismo, hemos detectado que el sistema SIGMA 1.5 presenta errores en la facturacion lo que impide una correcta gestion de cobro ya que los arrendatarios se niegan a realizar los pagos si no se les corrige la factura. | X40: Se estan gestionando las terminaciones en sistemas, prorrogas y saneamientos asi como el cierre de nuevos negocios que permitan el cumplimiento del indicador. Adicionalmente, con el plan de mejoramiento adoptado para los contratos existentes se proyecta contar con suscripciones de transacciones y nuevas minutas que generará aún más recaudo. | AA40: =IF(R40=0,1,"") | AB40: =IF(AND(V40<70%,V40>0),1,"") -> 1
A41: 35 | B41: Financiera | C41: 04. Generar rentabilidad económica a partir de la diversificación de ingresos, para la inversión social y la lucha contra el crimen organizado. | D41: Generar ingresos producto de la administración o disposición temporal de activos | E41: Recaudar ingresos producto de contratos suscritos bajo el esquema de administración temporal | F41: Disposición Temporal | G41: Administración Directa | H41: Dirección Territorial Centro Oriente | I41: SÍ | J41: Recaudo de Contratos | K41: Gestión | L41: Economía | M41: Programación anual | N41: (Valor recaudado/ Meta de recaudo esperado producto de contratos bajo esquemas de administración temporal)*100% | O41: Objetivo del indicador: medir el recaudo realizado producto de contratos bajo esquemas de administración temporal. Numerador: corresponde al valor recaudado producto de contratos de arrendamiento, de transacción, de legalización, saneamiento (reconocimiento de contratos de arrendamiento de bienes inmuebles) y recuperación de cartera. Denominador: corresponde al valor económico de recaudo establecido como meta para la anualidad. | P41: 6.8e+10 | Q41: Trimestral | R41: 27189570097 | S41: 6.8e+10 | T41: 0.39984662 | U41: 0.5 | V41: 0.79969324 | W41: Recaudo de 1881 contratos activos entre enero y junio de 2024. | AA41: =IF(R41=0,1,"") | AB41: =IF(AND(V41<70%,V41>0),1,"")
A42: 36 | B42: Financiera | C42: 04. Generar rentabilidad económica a partir de la diversificación de ingresos, para la inversión social y la lucha contra el crimen organizado. | D42: Generar ingresos producto de la administración o disposición temporal de activos | E42: Recaudar ingresos producto de contratos suscritos bajo el esquema de administración temporal | F42: Disposición Temporal | G42: Administración Directa | H42: Dirección Territorial Occidente | I42: SÍ | J42: Recaudo de Contratos | K42: Gestión | L42: Economía | M42: Programación anual | N42: (Valor recaudado/ Meta de recaudo esperado producto de contratos bajo esquemas de administración temporal)*100% | O42: Objetivo del indicador: medir el recaudo realizado producto de contratos bajo esquemas de administración temporal. Numerador: corresponde al valor recaudado producto de contratos de arrendamiento, de transacción, de legalización, saneamiento (reconocimiento de contratos de arrendamiento de bienes inmuebles) y recuperación de cartera. Denominador: corresponde al valor económico de recaudo establecido como meta para la anualidad. | P42: 48000000000 | Q42: Trimestral | R42: 14440809146 | S42: 48000000000 | T42: 0.30085019 | U42: 0.5 | V42: 0.60170038 | W42: El avance del indicador es del 60%, teniendo en cuenta que uno de los factores que afectan el cumplimiento del indicador son las terminaciones resultantes de la revisión de los contratos de arrendamiento toda vez que, dentro de la revision se evidencia que hay contratos con afectados (DNE) y no existe prorroga automatica por estas variables se ve afectado el indicador ya que se debe dar cumplimiento a la Metodología. Adicional, como mecanismo para mitigar riesgos que puedan existir dentro del proceso como contratar con un arrendatario que por metodología no sea procedente se deben enviar documentos a la GREC, proceso que suma para poder lograr la celebración de los contratos. | X42: Como mecanismo para alcanzar el cumplimiento del indicador de recaudo, en la Territorial Occidente se promueve la celebracion de contratos de transacción con los arrendatarios que en su contrato no contempla la prorroga automatica adicional se estan realizando otrosí al contrato para cuidar el recuado y minizar el riesgo de no recibir estos dineros por usufruto. Adicionalmente, se realiza la revisión de la facturación minuciosamente para lograr que todos los contratos facturen y se recuaden dentro del mismo mes. | AA42: =IF(R42=0,1,"") | AB42: =IF(AND(V42<70%,V42>0),1,"") -> 1
A43: 37 | B43: Financiera | C43: 04. Generar rentabilidad económica a partir de la diversificación de ingresos, para la inversión social y la lucha contra el crimen organizado. | D43: Generar ingresos producto de la administración o disposición temporal de activos | E43: Recaudar ingresos producto de contratos suscritos bajo el esquema de administración temporal | F43: Disposición Temporal | G43: Administración Directa | H43: Dirección Territorial Sur | I43: SÍ | J43: Recaudo de Contratos | K43: Gestión | L43: Economía | M43: Programación anual | N43: (Valor recaudado/ Meta de recaudo esperado producto de contratos bajo esquemas de administración temporal)*100% | O43: Objetivo del indicador: medir el recaudo realizado producto de contratos bajo esquemas de administración temporal. Numerador: corresponde al valor recaudado producto de contratos de arrendamiento, de transacción, de legalización, saneamiento (reconocimiento de contratos de arrendamiento de bienes inmuebles) y recuperación de cartera. Denominador: corresponde al valor económico de recaudo establecido como meta para la anualidad. | P43: 54000000000 | Q43: Trimestral | R43: 17104785756 | S43: 54000000000 | T43: 0.31675529 | U43: 0.5 | V43: 0.63351058 | W43: El recaudo mensual hasta el 30 de junio de 2024 por parte de la Dirección territorial Sur por concepto de canones de arrendamiento ha sido de $17,104,785,756, distribuido asi mensualmente así; Enero: $3,017,631,721; Febrero: $ 3,003,984,746; Marzo: $2,853,879,201; Abril: $ 2,707,840,381; Mayo: $2,858,250,746; Junio: $2,663,198,961. Frente a lo facturado de $17,646,778,388, distribuido asi mensualmente así, Enero: $2,758,863,090; Febrero: $2,881,718,436; Marzo: $2,927,798,831; Abril: $2,881,733,295; Mayo: $3,187,135,612; Junio: $3,009,529,124, cumpliendo un 97% de efectividad del recaudo frente a lo facturado. | X43: Para el segundo trimestre del año 2024, el valor facturado ha sido de $ 17.646.778.388, y lo recaudado de $ 17,104,785,756, teniendo así una efectividad del recaudo versus lo facturado del 97%. Así las cosas, es importante tener en cuenta el factor fundamental de lo facturado mensualmente, dado que, este valor es sobre el cual podemos medir la efectividad en el recaudo. La territorial sur reconoce que el alcance de la meta de este indicador, es una composición de efectividad de recaudo versus lo facturado, más, la recuperación de cartera en mora, sin embargo, de acuerdo con la base de contratos del 20/06/2024 hay una cartera de $ 7.902.879.199 identificado cómo “Saldo Deuda”, si tomamos la meta para 2024, es de $ 54.000.000.000, frente a lo facturado hasta junio del mismo año $ 17.646.778.388 y si proyectamos que en los próximos 6 meses del año se facture lo mismo, habría un total facturado de $ 35.293.556.776, si a esto le sumamos el saldo de deuda reportado a la fecha, daría un valor de $43.196.435.975, sería esta cifra el valor máximo que podría obtener la territorial para el año 2024, un 20% por debajo de lo establecido cómo meta. Se debe aclarar que la recuperación de cartera se realiza de manera directa, mediante CISA y cobro jurídico de abogados externos, por lo tanto, asegurar una recuperación del 100% de lo vencido es una afirmación errada, dado que, se contempla que las deudas con procesos jurídicos sean rebajadas, renegociadas o declaradas nulas por un juez de la república, el cobro directo y de CISA recurre principalmente al cobro mediate acuerdos de pago, lo que implica una divisón en cuotas a lo adeudado, creando una expectativa de recaudo sin garantizar el cumplimiento total, que además, es un recaudo a mediano plazo, por lo tanto, existe la probabilidad de no sea saneada esa cartera para la vigencia anual que pide el indicador. Además, se debe tener en cuenta que para la vigencia 2024 se han terminado en la territorial sur a la fecha 126 contratos, que significaban una facturación mensual de $527.480.336, teniendo en cuenta que de este valor $ 217.401.150 correspondían a contratos de vivienda urbana y comerciales, el restante son de contratos de transacción cuyo recaudo es limitado, pero también afecta la facturación y el recaudo. Dado esto, se evidencia que para el 2024 se han suscrito 50 contratos distribuidos así: 13 comerciales; 7 comodatos (no generan recaudo); 11 transacciones y 19 de vivienda urbana, aportando al mes un valor de facturación de $ 123.199.458. Este comportamiento en los contratos donde hay más terminaciones que nuevos suscritos, afecta la facturación y el recaudo de manera directa, y se debe tener en cuenta en la medición. Dado lo anterior, la territorial solicita el reajuste y disminución del indicador, colocando este, frente a cifras alcanzables, según lo argumentado, sin embargo, la territorial reconoce su compromiso con la entidad y la consecución de la metas, generando estrategias de recuperación de cartera de manera directa contemplando aquellas deudas que no estén asignada a los terceros (CISA y Abogados Externos) y garantizando el recaudo de lo facturado, atacando de manea preventiva la generación de nuevas moras mayores a 30 días, además una estrategia de legalización de ocupaciones irregulares más efectivas y la suscripción de nuevos contratos de tipo comercial y de vivienda urbana, los cuales impactan de manera positiva al valor facturado mensualmente. | AA43: =IF(R43=0,1,"") | AB43: =IF(AND(V43<70%,V43>0),1,"") -> 1
A44: 38 | B44: Financiera | C44: 05. Garantizar la recuperación de cartera por procesos de cobro persuasivo y judicialización. | D44: Gestionar la recuperación de cartera producto de la administración de activos. | E44: Recuperar las obligaciones vencidas superiores a 180 días identificadas para judicialización | F44: Gestión Jurídica | G44: Defensa Judicial | H44: Dirección de Asuntos Legales Misionales | I44: SÍ | J44: Cartera recuperada por judicialización | K44: Gestión | L44: Economía | M44: Programación anual | N44: (Valor de cartera recuperada/ Valor de la cartera programada a recuperar en la vigencia) * 100% | O44: Objetivo del indicador: medir la recuperación de la cartera por judicialización. Numerador: es el valor de cartera recaudado por SAE que fue programado para recuperar. Denominador: corresponde a la programación de cartera a recuperar en la vigencia. El valor a programar para la vigencia es de 2.000 millones de pesos. Nota: los datos de recaudo y metas son acumulados. | P44: 2000000000 | Q44: Trimestral | R44: 1061437364 | S44: 2000000000 | T44: 0.53071868 | U44: 0.5 | V44: 1 | W44: Este indicador es el logro de la recuperación de cartera del primer y segundo trimestre del 2024, el cual va en un cumplimiento mayor acorde a la meta estrablecida en este trimestre, este porcentaje es el resultado de un trabajo en conjunto de la dependencia de Defensa Judicial y los abogados externos, que tiene como principal objetivo identificar los casos de cartera recuperables, iniciar el proceso civil correspondiente al caso, acompañar la solicitud de las medidas cautelares dentro los procesos ejecutivos y suscribir acuerdos de pago exitosos con los arrendatarios. En la siguiente ruta se identifican la base en formato Excel que refieren el soporte de la cifra indicada: https://saesas-my.sharepoint.com/personal/dpinzon_saesas_gov_co/_layouts/15/onedrive.aspx?ga=1&CT=1720799103468&OR=OWA%2DNT%2DMail&CID=a4067815%2D6703%2D5b54%2Deb8c%2D34007ee87d4a&id=%2Fpersonal%2Fdpinzon%5Fsaesas%5Fgov%5Fco%2FDocuments%2FPAI%2FT2%2FAsuntos%20Legales%2FEvidencias | AA44: =IF(R44=0,1,"") | AB44: =IF(AND(V44<70%,V44>0),1,"")
A45: 39 | B45: Grupos de Interés | C45: 06. Garantizar el acceso a la información pública, la participación ciudadana y el diálogo social entre la SAE y poblaciones constitucionalmente protegidas y demás grupos de interés, con principios de inclusión, transparencia, calidad y consistencia. | D45: Diversificar estrategias y canales de información pública dirigidos a la ciudadanía | E45: Promover el portafolio comercial de la SAE en los diferentes grupos de interés | F45: Comunicación y Atención de Requerimientos | G45: Comunicación Organizacional | H45: Oficina de Prensa y Comunicaciones | I45: SÍ | J45: Activaciones de la gestión comercial | K45: Gestión | L45: Eficacia | M45: Programación anual | N45: (Número de activaciones realizadas con enfoque comercial / Número de activaciones de la gestión comercial programadas )*100% | O45: Objetivo del indicador: medir el número de activaciones de la gestión comercial apoyadas y/o realizadas por la Oficina de Comunicaciones y Atención al Ciudadano. Numerador: corresponde a las activaciones realizadas y/o acompañadas por parte de la Oficina de Comunicaciones en coordinación con la Gerencia Comercial. Denominador: las activaciones programadas corresponden a las acciones de acompañamiento de actividades de publicidad, promoción y estrategias comunicativas de comercialización, de acuerdo con articulación con la Gerencia Comercial. | P45: 4 | Q45: Trimestral | R45: 2 | S45: 4 | T45: 0.5 | U45: 0.5 | V45: 1 | W45: Primer Trimestre: La Oficina de Prensa y Comunicaciones realizó la públicación de una encuesta donde se debían registrar los interesados en la venta masiva. Igualmente se realizaron dos foros de la gestión comercial que realiza actualmente la Entidad. Que se puede evidenciar en la página www.saesas.gov.co Segundo semestre: La Oficina de Prensa y Comunicaciones realizó presencia con un stand en la Feria de Finca Raíz, donde se promocionaron los inmuebles para venta y arriendo en el inventario de la SAE. https://www.instagram.com/p/C7Fb5Icuekj/?utm_source=ig_web_copy_link&igsh=MzRlODBiNWFlZA== | AA45: =IF(R45=0,1,"") | AB45: =IF(AND(V45<70%,V45>0),1,"")
A46: 40 | B46: Grupos de Interés | C46: 06. Garantizar el acceso a la información pública, la participación ciudadana y el diálogo social entre la SAE y poblaciones constitucionalmente protegidas y demás grupos de interés, con principios de inclusión, transparencia, calidad y consistencia. | D46: Generar espacios de participación ciudadana y diálogo social con los grupos de interés de SAE | E46: Realizar la gestión logística y comunicativa de los eventos de entrega de predios con enfoque social | F46: Comunicación y Atención de Requerimientos | G46: Comunicación Organizacional | H46: Oficina de Prensa y Comunicaciones | I46: SÍ | J46: Gestión de eventos con enfoque social | K46: Gestión | L46: Eficacia | M46: Demanda | N46: (Número de eventos de entregas de activos con enfoque social/ Número de eventos de entregas programados o solicitados)*100% | O46: Objetivo del indicador: medir la gestión logística y comunicativa de los eventos de entrega de predios con enfoque social Numerador: corresponde el acompañamiento brindado por la Oficina de Comunicaciones y Atención al Ciudadano en los eventos de entrega de predios con enfoque social surtiendo las etapas de preproducción, montaje y difusión de eventos sociales. Denominador: corresponde a los eventos de entregas de predios con enfoque social solicitados por las áreas o programados por la Oficina de Comunicación y Atención al Ciudadano. | P46: 1 | Q46: Trimestral | R46: 35 | S46: 35 | T46: 0.5 | U46: 0.5 | V46: 1 | W46: Primer Trimestre: La Oficina de Prensa y Comunicaciones realizó el diseño, cubrimiento y presentación de eventos de entrega de los inmubles de la SAE, se pueden evidenciar a través de las redes sociales: Facebook: @activosSAE X: @activosSAE Instagram: @Saesas1 Segundo Trimestre: La Oficina de Prensa y Comunicaciones realizó el diseño, cubrimiento y presentación de eventos de entrega de los inmubles de la SAE, se pueden evidenciar a través de las redes sociales: Facebook: @activosSAE X: @activosSAE Instagram: @Saesas1 | Y46: El denominador no puede ser superior al numerador | AA46: =IF(R46=0,1,"") | AB46: =IF(AND(V46<70%,V46>0),1,"")
A47: 41 | B47: Grupos de Interés | C47: 07. Promover la creación de alianzas público populares, comunitarias, cooperativas, corporativas y de cooperación internacional, que permitan el uso y el goce de bienes y servicios de la SAE por parte de sus grupos de interés, así como su fortalecimiento institucional. | D47: Generar alianzas estratégicas para el cumplimiento de los objetivos institucionales de SAE | E47: Acompañar a los depositarios y gerentes populares | F47: Recepción y Registro | G47: Administración del registro de Depositarios Provisionales y Liquidadores del FRISCO | H47: Gerencia de Depositarios, Mandatarios y Liquidadores | I47: SÍ | J47: Implementación del Piloto de estrategia de acompañamiento | K47: Gestión | L47: Eficacia | M47: Demanda | N47: (Actividades implementadas de la estrategia de acompañamiento/ Actividades programadas en la estrategia de acompañamiento de depositarios y gerentes populares) * 100% | O47: Objetivo del indicador: medir la implementación del primer piloto de la estrategia de acompañamiento de depositarios y gerentes populares durante la vigencia. Numerador: corresponde a las actividades implementadas por parte del GIT de Depositarios Provisionales de conformidad con el plan de trabajo de implementación de la estrategia de acompañamiento. Denominador: las actividades programadas corresponden a las establecidas en el cronograma del piloto de la estrategia de acompañamiento de depositarios y gerentes populares. Este cronograma incluye actividades enmarcadas en las siguientes fases: 1. Sectorizar la convocatoria de depositarios y gerentes populares. 2. Brindar orientación durante la inscripción de depositarios y gerentes populares. 3. Capacitación de mecanismo de depósito provisional. 4. Capacitaciones en la etapa de asignación de activos. | P47: 1 | Q47: Trimestral | R47: 2 | S47: 2 | T47: 0.5 | U47: 0.5 | V47: 1 | W47: Este indicador compila todas las acciones que se realizan para implementar la estrategia de acompañamiento. Dentro de dicha estrategia se encuentran 3 grandes categorías, cada una desarrollada por ciertas actividades: 1. Convocatorias; 2. Asignación de activos; y 3. Acompañamiento a la gestión de depositarios y gerentes populares antes y durante la conformación del banco. Cuantificar tales actividades y convertirlas en un solo número (pretendiendo así dar cuenta del avance de la estrategia) no proporcionaria información exacta y daría lugar a una interpretación errada. | X47: La gerencia de Depositarios identificó y hace seguimiento al cumplimiento de la estrategia de acompañamiento a través de los siguientes indicadores de gestión y de producto: *Ingreso de personas naturales y jurídicas al registro. *Solicitudes de acompañamiento atendidas. *Diagnósticos de sociedades y establecimientos acompañados. *Informes de gestión acompañados. *Capacitaciones realizadas. *Inducciones a convocatorias realizadas. *Activos Asignados con resolución radicada. *Casos de asignación presentados a Comité. *Actas de entrega a depositarios y gerentes populares. *Caracterizaciones a personas naturales y jurídicas realizadas. | Y47: En el primer trimestre se registró un avance de 2 de las 4 fases: 1. Sectorizar la convocatoria de depositarios y gerentes populares. 2. Brindar orientación durante la inscripción de depositarios y gerentes populares. 3. Capacitación de mecanismo de depósito provisional. 4. Capacitaciones en la etapa de asignación de activos. Si se desean realizar alguna modificación al indicador, deben enviar por correo la tabla de solicitud, incluida en un correo anterior. Dicha solicitud debe ser debidamente justificada. Solicitamos diligenciar el indicador en donde se presente el avance de, por lo menos, lo mismo reportado en el trimestre anterior (Numerador = 2, Denominador = 4) | AA47: =IF(R47=0,1,"") | AB47: =IF(AND(V47<70%,V47>0),1,"")
A48: 42 | B48: Grupos de Interés | C48: 08. Posicionar a la SAE como una entidad líder en la administración transparente de activos a nivel local, nacional e internacional con enfoque social, ambiental y productivo | D48: Diseñar estrategias de medición de percepción de calidad y/o oportunidad del servicio ofrecido por SAE a nivel externo e interno | E48: Atender oportunamente requerimientos administrativos de las áreas | F48: Administración de Bienes de Funcionamiento | G48: Gestión Administrativa Administración de Activos Fijos y Bienes de Consumo | H48: Dirección Administrativa | I48: SÍ | J48: Oportunidad de atención a requerimientos administrativos | K48: Gestión | L48: Calidad | M48: Demanda | N48: (Solicitudes administrativas atendidas en el tiempo oportuno / Solicitudes administrativas requeridas por las áreas) *100% | O48: Objetivo del indicador: medir la atención oportuna de los requerimientos administrativos. Numerador: corresponde a las solicitudes administrativas gestionada como máximo dentro de los dos (2) días siguientes a la solicitud. Denominador: corresponde a las solicitudes administrativas de logística de eventos, gestión de recursos (físicos, tecnológicos, instalaciones, entre otros), envío de elementos, entre otros, realizadas por parte del área de manera verbal o escrita. Estas solicitudes se registran en el F-AB1-294 Formato Seguimiento Servicios atendidos a las áreas. | P48: 1 | Q48: Trimestral | R48: 44 | S48: 44 | T48: 0.5 | U48: 0.5 | V48: 1 | W48: Durante el año 2024 se han atendido un total de 44 requerimientos, distribuidos asi: Para el primer trimestre del año 2024, Se atendieron oportunamente un total de (22) solicitudes realizadas por las diferentes áreas de la SAE. Para el segundo trimestre del año 2024, Se atendieron oportunamente un total de (22) solicitudes realizadas por las diferentes áreas de la SAE. | AA48: =IF(R48=0,1,"") | AB48: =IF(AND(V48<70%,V48>0),1,"")
A49: 43 | B49: Grupos de Interés | C49: 08. Posicionar a la SAE como una entidad líder en la administración transparente de activos a nivel local, nacional e internacional con enfoque social, ambiental y productivo | D49: Diseñar estrategias de medición de percepción de calidad y/o oportunidad del servicio ofrecido por SAE a nivel externo e interno | E49: Medir la oportunidad en la atención de solicitudes de comisión o desplazamientos de viajes | F49: Gestión de viáticos y comisiones | G49: Administración de viáticos y comisiones | H49: Dirección Administrativa | I49: SÍ | J49: Oportunidad de atención de solicitudes de comisión o desplazamiento de viajes | K49: Gestión | L49: Calidad | M49: Demanda | N49: (Solicitud de comisión o desplazamiento de viaje atendida oportunamente/ Solicitudes de comisión o desplazamiento de viajes realizadas por las áreas)*100% | O49: Objetivo del indicador: medir el trámite oportuno de las solicitudes de comisión o desplazamiento de viaje. Numerador: la atención de la solicitud de comisión o desplazamiento de viaje por el GIT de Viáticos y Comisiones contempla el trámite de compra de tiquetes, reserva de hoteles o trámites de cancelaciones requeridas. Se considera atendida oportunamente una comisión o desplazamiento El tiempo oportuno de atención del trámite es de dos (2) días hábiles a partir de la solicitud de comisión o desplazamiento aprobada por el líder del proceso. Denominador: corresponde a las solicitudes de comisión o desplazamiento aprobadas por parte del líder del proceso, diligenciadas adecuadamente. | P49: 1 | Q49: Trimestral | R49: 3593 | S49: 3593 | T49: 0.5 | U49: 0.5 | V49: 1 | W49: Durante el periodo del segundo trimestre del año 2024 (abril, mayo y junio) se recibieron 1.942 solicitudes de comisiones de servicio o desplazamiento y fueron gestionadas en su totalidad de manera oportuna. | AA49: =IF(R49=0,1,"") | AB49: =IF(AND(V49<70%,V49>0),1,"")
A50: 44 | B50: Grupos de Interés | C50: 08. Posicionar a la SAE como una entidad líder en la administración transparente de activos a nivel local, nacional e internacional con enfoque social, ambiental y productivo | D50: Diseñar estrategias de medición de percepción de calidad y/o oportunidad del servicio ofrecido por SAE a nivel externo e interno | E50: Distribuir las comunicaciones de entrada y salida oportunamente | F50: Gestión Documental | G50: Gestión y Trámite | H50: Dirección Administrativa | I50: SÍ | J50: Oportunidad de distribución de comunicaciones de entrada y salida | K50: Gestión | L50: Calidad | M50: Demanda | N50: (Comunicaciones de entrada y salida distribuidas de manera oportuna / Comunicaciones de entrada y salida a ser distribuidas o asignadas) *100% | O50: Objetivo del indicador: medir la distribución oportuna de las comunicaciones de entrada y salida. Numerador: corresponde a las comunicaciones distribuidas oportunamente de acuerdo con los siguientes Acuerdos de Niveles de Servicio: * Para comunicaciones de salida: 1 día * Para comunicaciones de entrada: 2 días Denominador: las comunicaciones de salida a ser distribuidas son aquellas que se reciben en el buzón de despacho y las comunicaciones de entrada a ser distribuidas corresponden a las allegadas de manera física o digital por cualquier canal de comunicación. Estas comunicaciones corresponden a las allegadas al GIT. de Archivo y Correspondencia. Observaciones: * Comunicación de entrada: distribución interna de la correspondencia recibida por externos que llega a la entidad * Comunicación de salida: comunicación elaborada por la entidad a ser distribuidas a terceros | P50: 1 | Q50: Trimestral | R50: 41580 | S50: 41580 | T50: 0.5 | U50: 0.5 | V50: 1 | W50: Se indica la cantidad de comunicaciones recibidas y enviados / la cantidad de comunicaciones gestionadas en el segundo trimestre este indicador se realiza a demanda. | Y50: Durante el primer trimestre se reportaron 23293 comunicaciones. Se recuerda que el informe es acumulativo. Se sugiere diligenciar numerador y denominador con 41580 comunicaciones. | AA50: =IF(R50=0,1,"") | AB50: =IF(AND(V50<70%,V50>0),1,"")
A51: 45 | B51: Grupos de Interés | C51: 08. Posicionar a la SAE como una entidad líder en la administración transparente de activos a nivel local, nacional e internacional con enfoque social, ambiental y productivo | D51: Diseñar estrategias de medición de percepción de calidad y/o oportunidad del servicio ofrecido por SAE a nivel externo e interno | E51: Suministrar oportunamente los elementos de consumo solicitados por las áreas | F51: Administración de Bienes de Funcionamiento | G51: Administración de Activos Fijos y Bienes de Consumo | H51: Dirección Administrativa | I51: SÍ | J51: Oportunidad de suministro de elementos de consumo | K51: Gestión | L51: Calidad | M51: Demanda | N51: (Número de solicitudes gestionadas oportunamente /Número de solicitudes recibidas) *100% | O51: Objetivo del indicador: medir la entrega oportuna de los elementos de consumo requeridos por las áreas. Numerador: una entrega de elementos de consumo se considera oportuna cuando ésta se entrega dentro de los cinco (5) días hábiles a partir de la solicitud. Denominador: las solicitudes de elementos de consumo se realizan a través de Seven ERP o correo electrónico. | P51: 1 | Q51: Trimestral | R51: 77 | S51: 77 | T51: 0.5 | U51: 0.5 | V51: 1 | W51: En el año 2024 se han atendido un tota 77 soliitudes de este tipo, asi: Para el primer trimestre del año 2024, se gestionaron oportunamente (32) solicitudes de papeleria, utiles de escritorio y oficina. Para el segundo trimestre del año 2024, se gestionaron oportunamente (45) solicitudes de papeleria, utiles de escritorio y oficina. | Y51: Se solicita cambiar numerador y denominador por 77. La información incluida en el análisis puede permanecer igual. | AA51: =IF(R51=0,1,"") | AB51: =IF(AND(V51<70%,V51>0),1,"")
A52: 46 | B52: Grupos de Interés | C52: 08. Posicionar a la SAE como una entidad líder en la administración transparente de activos a nivel local, nacional e internacional con enfoque social, ambiental y productivo | D52: Diseñar estrategias de medición de percepción de calidad y/o oportunidad del servicio ofrecido por SAE a nivel externo e interno | E52: Emitir conceptos técnicos de manera oportuna | F52: Diagnóstico y Alistamiento | G52: Diagnóstico de Activos | H52: Dirección de Analítica, Alistamiento y Valoración | I52: SÍ | J52: Oportunidad de conceptos técnicos | K52: Gestión | L52: Calidad | M52: Demanda | N52: (Conceptos técnicos realizados de manera oportuna / Número de conceptos técnicos solicitados) *100% | O52: Objetivo del indicador: medir la oportunidad con la que se generan los conceptos técnicos emitidos. Numerador: se considera que un concepto técnico es oportuno, cuando éste cumple con los siguientes Acuerdos de Nivel de Servicio: * Complejidad alta: corresponde a conceptos técnicos que requieren de recopilación de información de entidades o actores externos. El tiempo para atender de manera oportuna este tipo de conceptos es de 15 a 30 días. * Complejidad media: corresponde a conceptos técnicos que requieren de recopilación de información con otras áreas o de consulta de información secundaria. El tiempo para atender de manera oportuna este tipo de conceptos es de 5 a 15 días. * Complejidad baja: corresponde a conceptos técnicos que se responden con información o conocimiento técnico que tiene la G. Técnica; ejemplo; los conceptos relacionados con nuevos modelos de negocio. El tiempo para atender de manera oportuna este tipo de conceptos es de 1 a 5 días. Denominador: los conceptos técnicos solicitados por parte de las áreas corresponden a conceptos relacionados con viabilidad de nuevos negocios, valoración de activos, normatividad relacionada con ordenamiento territorial, arrendamientos, reparación, obras y mantenimiento, muebles, sociedades, avalúos de inmuebles sociales, entre otros. De estas temáticas se exceptúan la revisión y aprobación de fichas técnicas de caracterización de inmuebles rurales. | P52: 1 | Q52: Trimestral | R52: 146 | S52: 146 | T52: 0.5 | U52: 0.5 | V52: 1 | W52: COMPLEJIDAD ALTA: • 23 conceptos técnicos. Destinación definitiva. • 11 conceptos técnico para compra de franjas de terreno. • 6 conceptos técnicos para servidumbre. • 1 conceptos técnicos. Oferta de compra directa por cuota parte. • 1 concepto técnico.Permiso de ingreso. • 1 concepto técnico.Saneamiento (desde Alistamiento) • 69 conceptos técnicos, realizados mediante solicitud al grupo de Saneamiento y/o generados como soporte técnico para el saneamiento de uno o varios folios de matrícula inmobiliaria. • 3 conceptos técnicos. Aprobación de avalúos bienes muebles. • 4 conceptos técnicos. Disposición final bienes muebles. COMPLEJIDAD MEDIA: • 5 conceptos técnicos de estudio para saneamiento catastral de inmuebles. • 1 conceptos técnicos enfocados en el análisis y revisión de avalúos comerciales. COMPLEJIDAD BAJA: • 15 conceptos técnicos. Revisiones técnicas de avalúos comerciales para sociedades activas y en liquidación. • 4 concepto técnico. Estimado de renta. • 1 concepto técnico de estudio de saneamiento catastral de inmueble. • 1 concepto técnico. Estado fitosanitario material vegetal. | X52: PRIMER TRIMESTRE: 82 SEGUNDO TRIMESTRE: 64 | AA52: =IF(R52=0,1,"") | AB52: =IF(AND(V52<70%,V52>0),1,"")
A53: 47 | B53: Grupos de Interés | C53: 08. Posicionar a la SAE como una entidad líder en la administración transparente de activos a nivel local, nacional e internacional con enfoque social, ambiental y productivo | D53: Diseñar estrategias de medición de percepción de calidad y/o oportunidad del servicio ofrecido por SAE a nivel externo e interno | E53: Elaborar oportunamente los actos administrativos de destinación definitiva | F53: Gestión Jurídica | G53: Orientación Jurídica | H53: Dirección de Asuntos Legales Misionales | I53: SÍ | J53: Elaboración de actos administración de desalojo y destinación definitiva | K53: Gestión | L53: Calidad | M53: Demanda | N53: ( Actos administrativos de desalojo y destinación definitiva elaborados / Solicitudes de elaboración de actos administrativos de desalojo y destinación definitiva)*100% | O53: Objetivo del indicador: medir la eficacia en la elaboración de actos administrativos de desalojo y/o destinación definitiva. Numerador: corresponde a la elaboración de actos administrativos a partir del envío del acto a la Vicepresidencia Jurídica y Presidencia para su expedición. Denominador: corresponde a las solicitudes de desalojo y/o destinación definitiva de activos realizadas por las áreas misionales, que se encuentran establecidas en la ley. | P53: 1 | Q53: Trimestral | R53: 256 | S53: 296 | T53: 0.43243243 | U53: 0.5 | V53: 0.86486486 | W53: Con relación a los 187 estudios realizados, fueron objeto de devolución los AA de 21 solicitudes con referencia a 32 activos, se obtuvo la viabilidad para la elaboración de AA expedidos para 252 activos, los cuales fueron proyectados así: AA Desalojo elaborados: 166 AA Desalojo solicitados: 187 AA Desalojo devueltos: 21 Se recibieron un total de 109 solicitudes de estudio y elaboración de acto administrativo de destinación definitiva, se elaboraron un total de 90 resoluciones, se devolvieron 15 y quedan pendiente 4 por su verificación AA Destinación definitiva elaborados: 90 AA Destinación definitiva solicitadas: 109 AA Destinación definitiva devueltos : 15 En la siguiente ruta se identifican la base en formato Excel que refieren el soporte de las cifras indicadas: https://saesas-my.sharepoint.com/personal/dpinzon_saesas_gov_co/_layouts/15/onedrive.aspx?ga=1&CT=1721146740059&OR=OWA%2DNT%2DMail&CID=314a7bbb%2De182%2D805e%2D84e2%2D54843aa41eb3&id=%2Fpersonal%2Fdpinzon%5Fsaesas%5Fgov%5Fco%2FDocuments%2FPAI%2FT2%2FAsuntos%20Legales%2FEvidencias | AA53: =IF(R53=0,1,"") | AB53: =IF(AND(V53<70%,V53>0),1,"")
A54: 48 | B54: Grupos de Interés | C54: 08. Posicionar a la SAE como una entidad líder en la administración transparente de activos a nivel local, nacional e internacional con enfoque social, ambiental y productivo | D54: Diseñar estrategias de medición de percepción de calidad y/o oportunidad del servicio ofrecido por SAE a nivel externo e interno | E54: Atender de manera oportuna los conceptos contractuales requeridos | F54: Adquisición de Bienes y Servicios | G54: Contratación Supervisión y liquidación | H54: Dirección de Contratación | I54: SÍ | J54: Oportunidad de emisión de conceptos contractuales | K54: Gestión | L54: Calidad | M54: Demanda | N54: (Conceptos contractuales atendidos oportunamente de acuerdo con los tiempos establecidos / Total de solicitudes de conceptos contractuales realizadas por las áreas) * 100% | O54: Objetivo del indicador: realizar la medición de la oportunidad de emisión de conceptos contractuales. Numerador: los conceptos contractuales atendidos oportunamente corresponden a los atendidos dentro de los treinta (30) días hábiles a partir de la recepción de la solicitud del concepto. Denominador: los conceptos contractuales solicitados podrán corresponder a conceptos jurídicos relacionados con contratación, minutas de contratos, revisión de negocios, incumplimientos contractuales, validación de suspensiones y cesiones de contratos, solicitados por las áreas. | P54: 1 | Q54: Trimestral | R54: 2 | S54: 2 | T54: 0.5 | U54: 0.5 | V54: 1 | W54: Para segundo trimestre de 2024,Se realizaron 45 solicitudes de contratos nuevos y 52 modificaciones como adciones, prorrogas, adciones con prorrogas, cesiones y terminaciones anticipadas, otrosi. Todas las solicitudes anteriores se adelantaron y ninguna fue desistida por extemporaneidad, sin embargo lo siguientes procesos contractuales se adelantaron pero no se cumplieron los requisito de perfeccionamineto de los contratos por causa imputable al contratista. Cto No. 302-2024 prospertech - Vigilancia Judicial Cto No. 053-2024 María Cristina Rojas Cto 052-2024 Javier Rodriguez | X54: Para el próximo trimestre esperamos que todas las solicitudes se adelanten y los potenciales contratisatas | Y54: En el primer trimestre este indicador se reportó como 0 en el numerador y denominador. Rectificar que la información incluida no corresponda al indicador "Oportunidad en el trámite de solicitudes contractuales" | AA54: =IF(R54=0,1,"") | AB54: =IF(AND(V54<70%,V54>0),1,"")
A55: 49 | B55: Grupos de Interés | C55: 08. Posicionar a la SAE como una entidad líder en la administración transparente de activos a nivel local, nacional e internacional con enfoque social, ambiental y productivo | D55: Diseñar estrategias de medición de percepción de calidad y/o oportunidad del servicio ofrecido por SAE a nivel externo e interno | E55: Responder las solicitudes contractuales oportunamente | F55: Adquisición de Bienes y Servicios | G55: Planeación Contractual Contratación | H55: Dirección de Contratación | I55: SÍ | J55: Oportunidad en el trámite de solicitudes contractuales | K55: Gestión | L55: Calidad | M55: Demanda | N55: (Solicitudes contractuales atendidas oportunamente de acuerdo con los tiempos establecidos / Total de solicitudes contractuales realizadas por las áreas) * 100% | O55: Objetivo del indicador: medir la oportunidad del trámite de las solicitudes contractuales. Numerador: corresponde a las solicitudes contractuales atendidas oportunamente de acuerdo con los tiempos establecidos. La solicitud de contratación atendida implica una respuesta oportuna del acta de observaciones contractuales, ya sea favorable o desfavorable en términos de contratación, a partir de la recepción de la solicitud. El término de oportunidad se medirá de acuerdo con los siguientes Acuerdos de Niveles de Servicio: * Complejidad baja: contempla adiciones, prórrogas o contratación nueva con cuantías hasta 100 SMMLV. El término de respuesta es de 7 días hábiles a partir de la recepción de la solicitud a la G. Contratos. * Compleja media: contempla adiciones, prórrogas o contratación nueva con cuantías superiores a 100 SMMLV hasta 500 SMMLV. El término de respuesta es de 10 días hábiles a partir de la recepción de la solicitud a la G. Contratos. * Complejidad alta: contempla adiciones, prórrogas o contratación nueva con cuantías superiores a 500 SMML. El término de respuesta es de 15 días hábiles a partir de la recepción de la solicitud a la G. Contratos. Denominador: corresponde a solicitudes contractuales radicadas hasta el 15 de diciembre de la vigencia. * Para adiciones y prorrogas el área responsable deberá remitir la solicitud contractual con mínimo cinco (5) días hábiles de antelación a la fecha de vencimiento del contrato. | P55: 1 | Q55: Trimestral | R55: 204 | S55: 209 | T55: 0.48803828 | U55: 0.5 | V55: 0.97607656 | W55: En el segundo trimestre de 2024 se emitieron dos (2) concepto internos | X55: Para el próximo trimestre y de confomridad con las dinamicas de la Dirección de Contratos esperamos radiquen conceptos no solo internos sino tambien externos para ser emitidos dentro de los timepos previstos | Y55: En el primer trimestre este indicador se reportó como 107 en el numerador y 112 en el denominador. Rectificar que la información incluida no corresponda al indicador "Oportunidad de emisión de conceptos contractuales" | AA55: =IF(R55=0,1,"") | AB55: =IF(AND(V55<70%,V55>0),1,"")
A56: 50 | B56: Grupos de Interés | C56: 08. Posicionar a la SAE como una entidad líder en la administración transparente de activos a nivel local, nacional e internacional con enfoque social, ambiental y productivo | D56: Realizar y participar en eventos comerciales, corporativos, académicos o estratégicos para el buen posicionamiento de SAE | E56: Participar en eventos estratégicos a nivel nacional e internacional | F56: Direccionamiento Estratégico | G56: Gobierno y Gestión de la Estrategia | H56: Dirección de Proyectos | I56: SÍ | J56: Realización y/o participación en eventos estratégicos a nivel nacional e internacional | K56: Gestión | L56: Eficacia | M56: Demanda | N56: (eventos y/o reuniones estratégicas con participación de SAE / eventos o reuniones estratégicas aprobados programados o solicitados)*100% | O56: Objetivo del indicador: medir la realización y participación de eventos o reuniones estratégicos a nivel nacional e internacional que sean organizados y desarrollados o que cuenten con la participación la Gerencia de Proyectos Especiales para posicionar a SAE en el campo bilateral y multilateral. Numerador: son los eventos o reuniones estratégicas en los que participa la SAE a nivel nacional e internacional. Denominador: son los eventos o reuniones estratégicas aprobados, programadas o solicitadas, que varían de acuerdo a demanda u oferta del entorno. | P56: 1 | Q56: Trimestral | R56: 3 | S56: 3 | T56: 0.5 | U56: 0.5 | V56: 1 | W56: Para el segundo trimestre de 2024 se llevó a cabo el desarrollo del Diplomado "Gerencia social con énfasis en Proyectos" que contó con la participación de las organizaciones de jovenes de Bogotá, Cali y Medellín con la participación de CESJUL y la Universidad Distrital | Y56: Durante el primer trimestre se reportó la participación en dos eventos. Si durante el segundo trimestre se participó en un evento, se sugiere actualizar la información de numerador y denominador para que sea tres (3) en ambos. La columna de Análisis del indicador se mantiene como está. | AA56: =IF(R56=0,1,"") | AB56: =IF(AND(V56<70%,V56>0),1,"")
A57: 51 | B57: Grupos de Interés | C57: 08. Posicionar a la SAE como una entidad líder en la administración transparente de activos a nivel local, nacional e internacional con enfoque social, ambiental y productivo | D57: Implementar estrategias de comunicación y posicionamiento de SAE desde un enfoque productivo, social y ambiental | E57: Actualizar el diseño de la página web institucional de acuerdo con lo establecido por la Ley de Transparencia y la nueva imagen institucional. | F57: Comunicación y Atención de Requerimientos | G57: Comunicación Organizacional | H57: Oficina de Prensa y Comunicaciones | I57: SÍ | J57: Diseño de la página web | K57: Gestión | L57: Eficacia | M57: Programación anual | N57: (Etapas de diseño de página web ejecutadas/ Etapas de diseño programadas de la página web)*100% | O57: Objetivo del indicador: medir el grado de avance del diseño de la página web institucional de la SAE. Numerador: corresponde a las etapas de diseño finalizadas por parte de la Oficina de Comunicaciones y Atención al Ciudadano. Denominador: corresponde a las etapas de diseño de la página web que incluyen arquitectura, funcionalidades y diseño de imagen de la página web. | P57: 3 | Q57: Trimestral | R57: 1.5 | S57: 3 | T57: 0.5 | U57: 0.5 | V57: 1 | W57: Primer Trimestre: La Oficina realiza la ruta de trabajo para establer los parametros que permitirá establecer el nuevo diseño de la página web. Segundo Trimestre: La Oficina realiza la ruta de trabajo para establer los parametros que permitirá establecer el nuevo diseño de la página web. | AA57: =IF(R57=0,1,"") | AB57: =IF(AND(V57<70%,V57>0),1,"")
A58: 52 | B58: Grupos de Interés | C58: 08. Posicionar a la SAE como una entidad líder en la administración transparente de activos a nivel local, nacional e internacional con enfoque social, ambiental y productivo | D58: Realizar y participar en eventos comerciales, corporativos, académicos o estratégicos para el buen posicionamiento de SAE | E58: Desarrollar espacios virtuales con los diferentes grupos de interés para promover la productividad de los bienes que administra la Entidad. | F58: Comunicación y Atención de Requerimientos | G58: Comunicación Organizacional | H58: Oficina de Prensa y Comunicaciones | I58: SÍ | J58: Espacios virtuales a grupos de interés | K58: Gestión | L58: Eficacia | M58: Programación anual | N58: (Cantidad de espacios virtuales realizados / Cantidad de espacios virtuales programados) *100% | O58: Objetivo del indicador: medir la realización de espacios virtuales realizados en los que se involucren población beneficiaria, población campesina y asociaciones, entidades territoriales, entre otros actores involucrados para dar conocer modalidades de acceso a RTAs de administración o activos de SAE entre otros temas de interés. Numerador: corresponde a la cantidad de espacios virtuales realizados y culminados exitosamente con sus evidencias respectivas. Denominador: corresponde al número de espacios virtuales programados. Los espacios virtuales deben contar con temáticas claras, interlocutores y actores que participan. | P58: 4 | Q58: Trimestral | R58: 3 | S58: 4 | T58: 0.75 | U58: 0.5 | V58: 1 | W58: La Oficina de Prensa y Comunicaciones, GIT de Servicio y Atención al Ciudadano realizo los siguientes espacios virtuales. Primer Trimestre: 1. Foro virtual - Bienes de la SAE para entidades públicas https://www.youtube.com/watch?v=Ta6y1RE61xg Segundo Trimestre: 2. Foro virtual - Venta Masiva https://www.youtube.com/watch?v=yVVyI9a97gk 3. Foro virtual - Como ser parte del registro de personas naturales y jurídicas para la administración de empresas de la SAE https://www.youtube.com/watch?v=oQolYuTY1C8 | AA58: =IF(R58=0,1,"") | AB58: =IF(AND(V58<70%,V58>0),1,"")
A59: 53 | B59: Grupos de Interés | C59: 08. Posicionar a la SAE como una entidad líder en la administración transparente de activos a nivel local, nacional e internacional con enfoque social, ambiental y productivo | D59: Implementar estrategias de comunicación y posicionamiento de SAE desde un enfoque productivo, social y ambiental | E59: Desarrollar estrategias de posicionamiento de la gestión de SAE a nivel interno y externo | F59: Comunicación y Atención de Requerimientos | G59: Comunicación Organizacional | H59: Oficina de Prensa y Comunicaciones | I59: SÍ | J59: Estrategias de posicionamiento sobre la gestión de SAE | K59: Gestión | L59: Eficacia | M59: Programación anual | N59: (Número de estrategias de comunicación realizadas / Número de estrategias de comunicación programadas)*100% | O59: Objetivo del indicador: medir las estrategias de comunicación realizadas sobre la gestión de SAE, con el fin de informar a públicos de interés sobre la administración de activos especiales. Numerador: hace alusión al número de estrategias de comunicación realizadas con sus respectivas evidencias. Denominador: corresponde al número de estrategias programadas para posicionamiento a nivel interno y externo. A nivel interno se tiene previsto hacer uso de: noticiero quincenal (video clips sobre gestión de SAE), canales internos como cartelera de comunicaciones y correo electrónico o WhatsApp A nivel externo se tiene previsto hacer uso de: boletín institucional en canales externos como la página web. Para la vigencia se han fijado 12 estrategias de comunicación (6 internas y 6 externas). | P59: 12 | Q59: Trimestral | R59: 10 | S59: 12 | T59: 0.83333333 | U59: 0.5 | V59: 1 | W59: Primer Trimestre: La Oficina de Prensa y Comunicaciones realizó el diseño y ejecución de tres campañas comunicativas que se pueden evidenciar a través de las redes sociales: Facebook: @activosSAE X: @activosSAE Instagram: @Saesas1 Segundo Trimestre: La Oficina de Prensa y Comunicaciones realizó el diseño y ejecución de siete campañas comunicativas que se pueden evidenciar a través de las redes sociales: Facebook: @activosSAE X: @activosSAE Instagram: @Saesas1 | Y59: Los campos de numerador y denominador están sin diligenciar. Se sugiere ubicar como numerador 10 y como denominador 12. Igualmente, se solicita discriminar en la columna de Análisis del indicador cuáles estrategias son internas y cuáles externas. | AA59: =IF(R59=0,1,"") | AB59: =IF(AND(V59<70%,V59>0),1,"")
A60: 54 | B60: Grupos de Interés | C60: 08. Posicionar a la SAE como una entidad líder en la administración transparente de activos a nivel local, nacional e internacional con enfoque social, ambiental y productivo | D60: Diseñar estrategias de medición de percepción de calidad y/o oportunidad del servicio ofrecido por SAE a nivel externo e interno | E60: Medir la percepción y satisfacción que tienen el público externo frente a SAE | F60: Comunicación y Atención de Requerimientos | G60: Comunicación Organizacional | H60: Oficina de Prensa y Comunicaciones | I60: SÍ | J60: Mediciones de satisfacción y/o percepción a nivel externo e interno | K60: Gestión | L60: Eficacia | M60: Programación anual | N60: (Número de mediciones externas e internas realizadas / Número de mediciones externas e internas programadas) 100% | O60: Objetivo del indicador: medir la realización de las mediciones de percepción y satisfacción externas o internas sobre la gestión institucional. Numerador: corresponde al número de mediciones realizadas a nivel externo e interno a través de los canales dispuestos para tal fin. La medición de satisfacción se considera como finalizada cuando se realiza el informe trimestral de los resultados de la encuesta de satisfacción publicada en la página web. La medición de percepción se considera como finalizada cuando se obtienen los resultados de la encuesta a nivel semestral. Denominador: corresponde al número de mediciones programadas de satisfacción y percepción de la gestión de SAE. Para la vigencia se tiene previsto 4 mediciones distribuidas de la siguiente forma: *Medición de satisfacción: 2 mediciones publicadas en página web sobre la calidad del servicio. El cuestionario se encuentra disponible de manera permanente en la página web y su medición se hará con corte trimestral. * Medición de percepción: 2 mediciones a grupos de interés dirigida a personal que registre en base de datos de compradores, arrendatarios, destinatarios, entre otros. | P60: 6 | Q60: Trimestral | R60: 4 | S60: 6 | T60: 0.66666667 | U60: 0.5 | V60: 1 | W60: Primer Trimestre: Debido a los ajustes en el calendario de actividades de la Oficina de Prensa y Comunicaciones, se programó el desarrollo de encuestas internas y/o externas para el segundo trimestre a fin de garantizar la divulgación y recopilación de datos, es por ello, que estimó la Oficina un tiempo mínimo de 3 meses para validar la participación de los funcionarios, la eficacia en los medios de comunicación, la actualización en la información y las tendencias que mantienen la relevancia en la información que se publica en esos medios. Segundo trimestre: Lo comprendido del mes de abril a junio la Oficina La Oficina de Prensa y Comunicaciones, GIT de Servicio y Atención al Ciudadano aplico las siguientes encuestas a los públicos de interés: 1.Encuesta del módulo de PQRSDF la cual evalúa los resultados de satisfacción en la ciudadanía sobre la gestión realizada en el segundo trimestre. (Informe trimestral) 2.Desarrollamos una medición de los canales y contenidos de comunicación interna en la cual se divulga información de interés a los colaboradores de la SAE realizada en el mes de abril del 2024 por medio del chat de WhatsApp (Parche SAE). 3.Preguntamos a la ciudadanía si conoce a la Sociedad de Activos Especiales SAS cuyo objeto era medir el posicionamiento de marca en públicos de interés la cual fue divulgada por medio de Facebook y enviada por correo electrónico el 28 de junio del 2024. 4.Se realizo una encuesta de calidad con el fin de conocer y evaluar el grado de percepción de los ciudadanos ante la Sociedad de Activos Especiales. la cual fue divulgada por medio de Facebook y enviada por correo electrónico el 29 de junio del 2024. Los soportes anteriormente mencionados se visualizan en la carpeta 130 OPC – Atención al Ciudadano. | AA60: =IF(R60=0,1,"") | AB60: =IF(AND(V60<70%,V60>0),1,"")
A61: 55 | B61: Grupos de Interés | C61: 08. Posicionar a la SAE como una entidad líder en la administración transparente de activos a nivel local, nacional e internacional con enfoque social, ambiental y productivo | D61: Diseñar estrategias de medición de percepción de calidad y/o oportunidad del servicio ofrecido por SAE a nivel externo e interno | E61: Gestionar las solicitudes de Mesa de ayuda de manera oportuna según los ANS establecidos en el catálogo de servicio | F61: Tecnología | G61: Gestión de Infraestructura Tecnológica Mantenimiento y Soporte de Aplicaciones | H61: Oficina de Tecnologías y Sistemas de la Información | I61: SÍ | J61: Oportunidad de atención de Mesa de ayuda | K61: Gestión | L61: Calidad | M61: Demanda | N61: (N.º de tickets resueltos oportunamente / N.º de tickets radicados en Mesa de ayuda) *100% | O61: Objetivo del indicador: medir la atención oportuna de los tickets que radican las áreas en la Mesa de ayuda. Numerador: corresponde a las solicitudes resueltas cuando en el Sistema de Mesa de Ayuda les asigna el estado de "resuelto". Denominador: los tickets radicados en Mesa de Ayuda corresponden a las solicitudes creadas por los usuarios dentro de la vigencia. Para que sea oportuno el servicio se tienen en cuenta los tiempos (ANS), de acuerdo con el tipo de servicio (catálogo de servicios NT1-061) | P61: 1 | Q61: Trimestral | R61: 5952 | S61: 6047 | T61: 0.49214487 | U61: 0.5 | V61: 0.98428973 | W61: Se han resuelto y cerrado 5952 de de 6047 tickets radicados a corte de junio 2024 en la mesa de servicio GLPI en la OTI | X61: Se continuará con la gestión de la mesa de servcio con un gran desempeño y con la actualización de l plataforma y de los agentes de inventario | AA61: =IF(R61=0,1,"") | AB61: =IF(AND(V61<70%,V61>0),1,"")
A62: 56 | B62: Procesos | C62: 09. Garantizar la mejora continua del modelo de operación de la SAE basado en acciones de optimización, automatización, control y articulación de procesos contribuyendo a la reducción de tiempos, la transparencia en la operación y el cumplimiento de objetivos institucionales. | D62: Fortalecer estrategias y espacios de control , seguimiento y aseguramiento en el marco de la misionalidad de SAE | E62: Acompañar la agenda legislativa en la que se discutan proyectos estratégicos para SAE | F62: Direccionamiento Estratégico | G62: Gobierno y Gestión de la Estrategia | H62: Despacho del Presidente | I62: SÍ | J62: Acompañamiento a Agenda Legislativa estratégica relacionada con SAE | K62: Gestión | L62: Eficacia | M62: Demanda | N62: (Número de participaciones en la agenda legislativa/Necesidades identificadas relacionadas con agenda legislativa)*100% | O62: Objetivo del indicador: medir el acompañamiento brindado por parte de SAE en la agenda legislativa que contenga temáticas prioritarias o estratégicas para la entidad. Numerador: corresponde a la participaciones en eventos de control político u otros requeridos en la agenda legislativa. Denominador: corresponde a las citaciones recibidas de agenda legislativa en donde debe participar SAE de manera estratégica. El denominador es variable, ya que funciona a demanda de acuerdo con las necesidades identificadas. | P62: 1 | Q62: Trimestral | R62: 0 | S62: 0 | T62: 0 | U62: 0.5 | V62: 0 | W62: No se recibieron citaciones estrategicas de agenda legislativa en el primer trimestre del año por parte del Congreso de la República. | X62: El indicador es a demanda | AA62: =IF(R62=0,1,"") -> 1 | AB62: =IF(AND(V62<70%,V62>0),1,"")
A63: 57 | B63: Procesos | C63: 09. Garantizar la mejora continua del modelo de operación de la SAE basado en acciones de optimización, automatización, control y articulación de procesos contribuyendo a la reducción de tiempos, la transparencia en la operación y el cumplimiento de objetivos institucionales. | D63: Fortalecer estrategias y espacios de control , seguimiento y aseguramiento en el marco de la misionalidad de SAE | E63: Fortalecer la articulación nación-territorio para el mejoramiento del modelo operacional de SAE | F63: Direccionamiento Estratégico | G63: Gobierno y Gestión de la Estrategia | H63: Despacho del Presidente | I63: SÍ | J63: Actividades internas con enfoque nación-territorio entre el nivel central y regional de la SAE | K63: Gestión | L63: Eficacia | M63: Programación anual | N63: (Actividades implementadas para el fortalecimiento del nivel central con el regional/ Actividades programadas para el fortalecimiento del nivel central con el regional) *100% | O63: Objetivo del indicador: medir el grado de implementación de las actividades programadas para el fortalecimiento del nivel central con el regional. Numerador: corresponde a las actividades de fortalecimiento ejecutadas conforme plan de trabajo programado. Denominador: las actividades programadas para el 2024 relacionadas con el fortalecimiento del nivel central con el regional corresponden a procesos relacionados con: 1) Estrategia de tierras para la paz, 2) Democratización de activos para la educación pública, 3) Comercialización de activos estratégicos y entre otras definidas y priorizadas por Presidencia. El denominador de este indicador es variable y acumulado de acuerdo con las actividades programadas y las necesidades identificadas durante la vigencia por parte de Presidencia. | P63: 1 | Q63: Trimestral | R63: 2 | S63: 2 | T63: 1 | U63: 0.5 | V63: 1 | W63: 1. Desde presidencia se articuló con las Gerencia Regionales el plan de trabajo de los bienes susceptibles de entrega bajo la estrategia de democratización de activos para la educación pública, estableciendo la responsabilidad en las regionales para el relacionamiento con los rectores que hagan parte de las instituciones educativas de educación superior en los territorios correspondientes a cada regional. Para ello desde Presidencia se estableció una matriz que determinó el Plan de entrega bienes susceptible de entrega para este año y respecto del cual trabajará las Gerencias Regionales. 2. Dentro de la estrategis de entrega de tierras para la paz y y comercialización de activos estrategicos se realizaron mesas de trabajo con las Regionales y el Nivel Central, con el fin de establecer la ruta para el seguimiento frente a la formalización de ventas estratégicas a la Agencia Nacional de Tierras. | AA63: =IF(R63=0,1,"") | AB63: =IF(AND(V63<70%,V63>0),1,"")
A64: 58 | B64: Procesos | C64: 09. Garantizar la mejora continua del modelo de operación de la SAE basado en acciones de optimización, automatización, control y articulación de procesos contribuyendo a la reducción de tiempos, la transparencia en la operación y el cumplimiento de objetivos institucionales. | D64: Estandarizar, optimizar y automatizar procesos de SAE de acuerdo a nuevo modelo operacional | E64: Actualizar las Tablas de Retención Documental de todas las áreas de SAE | F64: Gestión Documental | G64: Organización y Transferencia | H64: Dirección Administrativa | I64: SÍ | J64: Avance de implementación de Tablas de Retención Documental | K64: Gestión | L64: Eficacia | M64: Programación anual | N64: (Número de dependencias con propuesta de TRD elaborada/ Número de dependencias programadas para actualización de TRD)*100% | O64: Objetivo del indicador: medir el estado de avance de la implementación del proceso de actualización de tablas de retención documental en SAE. Numerador: corresponde al número de dependencias que cuenten con propuesta elaborada de Tablas de Retención Documental, es decir, cuando las tablas tengan preaprobación por parte de cada área frente a la conformación de series, subseries y tipos documentales. Denominador: corresponde al total de áreas que conforman a la SAE que requieren actualización de Tablas de Retención Documental. | P64: 48 | Q64: Trimestral | R64: 40 | S64: 48 | T64: 0.83333333 | U64: 0.5 | V64: 1 | W64: Acorte del segundo trimestre se cumplió la etapa de recopilacion de informacion de la actualizacion de las Tablas de Retencion Documental. Se realizaron mesas de trabajo con las areas y se levanto la informacion de propuesta de tabla de retencion documental.Se avanzó en la solciitud a la Dirección de planeación y prospectiva la actualización del procedimeintos y 4 formatos de TRD se está a la espéra por planeación de su aprobación y codificación | X64: Se debe tener en cuenta que, hasta no finalizar la actualización de procedimientos de las áreas no se lograría tener las TRD con la información completa, la fecha indicada por planeación es finales del mes de octubre | Y64: El denominador del indicador no es 40. Es 48. El numerador solo puede ser igual al denominador cuando todas las dependencias cuenten con propuesta elaborada de TRD. Se propone estimar el estado de avance del proceso de actualización, considerando que en el primer trimestre fue de 24 (50%) y que una vez finalizado será de 48 (100%) | AA64: =IF(R64=0,1,"") | AB64: =IF(AND(V64<70%,V64>0),1,"")
A65: 59 | B65: Procesos | C65: 09. Garantizar la mejora continua del modelo de operación de la SAE basado en acciones de optimización, automatización, control y articulación de procesos contribuyendo a la reducción de tiempos, la transparencia en la operación y el cumplimiento de objetivos institucionales. | D65: Estandarizar, optimizar y automatizar procesos de SAE de acuerdo a nuevo modelo operacional | E65: Medir la eficacia en la legalización de comisiones o desplazamientos realizados por las áreas | F65: Gestión de viáticos y comisiones | G65: Administración de viáticos y comisiones | H65: Dirección Administrativa | I65: NO | J65: Eficacia de legalización de comisiones o desplazamientos de viajes | K65: Gestión | L65: Eficacia | M65: Demanda | N65: (Legalizaciones realizadas / Comisiones o desplazamientos de viaje realizadas)*100% | O65: Objetivo del indicador: medir la eficacia en la legalización de comisiones o desplazamientos de viajes realizados. Numerador: se considera que una legalización es efectiva cuando el funcionario público, trabajador y contratistas presentan su legalización correcta, es decir, cuando se presenta el informe de legalización diligenciado completamente, firmado por el trabajador y jefe inmediato, y los respectivos soportes de la ejecución del gasto. Denominador: corresponde a todas las comisiones o desplazamientos efectivos realizados por los funcionarios públicos, trabajadores y contratistas, registrados en base de datos de control de comisiones que administra el GIT de Comisiones y Desplazamientos. | P65: 1 | Q65: Trimestral | R65: 3350 | S65: 3593 | T65: 0.46618425 | U65: 0.5 | V65: 0.93236849 | W65: Durante el periodo del segundo trimestre del año 2024 (abril, mayo y junio) se validaron y formalizaron 1.742 legalizaciones de comisiones de servicio o desplazamiento, quedando pendiente por legalizar 243 comisiones. | X65: Es importante aclarar que no depende de la gestión de viaticos y comisiones el cumplimiento de los funcionarios para la legalización de las comisiones, ya que dependemos de la prontitud de cada uno de ellos para que remitan la información, sin embargo el proceso de gestión de viáticos realiza el seguimiento, acompañamiento y capacitación a las y los trabajadores de planta, funcionarios publicos, contratistas y otros, implementando las alertas y acciones necesarias para que cumplan con las legalizaciones en los tiempos estipulados en el procedimiento de viaticos. | Y65: Durante el primer trimestre se reportaron 1651 comisiones o desplazamientos. En el campo de análisis de este indicador se reportan 1926 comisiones o desplazamientos, lo cual totaliza 3577, pero en el denominador se reportan 3567. Este reporte es diferente al del indicador de tramite oportuno, en donde se mencionan 1942 y no 1926 solicitudes en el segundo trimestre. Verificar si las cifras son correctas, clarificar y, de ser necesario, desglosar. | AA65: =IF(R65=0,1,"") | AB65: =IF(AND(V65<70%,V65>0),1,"")
A66: 60 | B66: Procesos | C66: 09. Garantizar la mejora continua del modelo de operación de la SAE basado en acciones de optimización, automatización, control y articulación de procesos contribuyendo a la reducción de tiempos, la transparencia en la operación y el cumplimiento de objetivos institucionales. | D66: Fortalecer estrategias y espacios de control , seguimiento y aseguramiento en el marco de la misionalidad de SAE | E66: Realizar los mantenimientos preventivos y correctivos menores | F66: Administración de Bienes de Funcionamiento | G66: Gestión Administrativa | H66: Dirección Administrativa | I66: SÍ | J66: Gestión de Mantenimientos Locativos Menores | K66: Gestión | L66: Eficacia | M66: Demanda | N66: (Mantenimientos realizados/ Mantenimientos solicitados y/o planeados) *100% | O66: Objetivo del indicador: medir los mantenimientos locativos preventivos y correctivos menores realizados de acuerdo con lo solicitado y/o identificado por el área. Numerador: se considera como realizado el mantenimiento menor cuando éste se ejecuta y se registra en el F-AB1-207 Historial Actividades de mantenimiento preventivo y/o correctivo. Denominador: corresponde a las solicitudes de mantenimiento menor recibidas o a las evidenciadas en inspecciones físicas registradas en F-AB1-299 Formato Inspección Planta Física. | P66: 1 | Q66: Trimestral | R66: 348 | S66: 348 | T66: 0.5 | U66: 0.5 | V66: 1 | W66: Durante el año 2024 se han adelantado un total 348 actividades de mantenimiento, así: Para el primer trimestre del año 2024, fueron ejecutadas (158) actividades de mantenimiento preventivo y/o correctivo. Para el segundo trimestre del año 2024 se han ejecutado un total de (190) mantenimientos menores, distribuidos asi: en el mes de abril se realizaron (55), en el mes de mayo se realizaron (69) y en el mes de junio (66). | AA66: =IF(R66=0,1,"") | AB66: =IF(AND(V66<70%,V66>0),1,"")
A67: 61 | B67: Procesos | C67: 09. Garantizar la mejora continua del modelo de operación de la SAE basado en acciones de optimización, automatización, control y articulación de procesos contribuyendo a la reducción de tiempos, la transparencia en la operación y el cumplimiento de objetivos institucionales. | D67: Fortalecer estrategias y espacios de control , seguimiento y aseguramiento en el marco de la misionalidad de SAE | E67: Gestionar los siniestros informados por las áreas | F67: Administración de Bienes de Funcionamiento | G67: Administración de Programa de Seguros y Siniestros | H67: Dirección Administrativa | I67: SÍ | J67: Gestión de Siniestros | K67: Gestión | L67: Eficacia | M67: Demanda | N67: (Número de siniestros gestionados / Número de siniestros ocurridos informados por las áreas) *100% | O67: Objetivo del indicador: medir la gestión realizada sobre los siniestros ocurridos e informados. Numerador: se considera que un siniestro ha sido gestionado cuando el GIT de Servicios Administrativos informa el siniestro presentado al intermediario de seguros. Denominador: se considera como siniestro ocurrido e informado cuando el área remite formalmente el reporte del siniestro por correo electrónico. Los siniestros reportados aplican para los bienes propios de SAE o bajo su administración. | P67: 1 | Q67: Trimestral | R67: 15 | S67: 15 | T67: 0.5 | U67: 0.5 | V67: 1 | W67: Una vez los siniestros son informados por las distintas áreas, se da aviso al asesor de seguros para su tramite y gestión pertinente ante la Aseguradora, el avance de las reclamaciones depende de la entrega oportuna de la documentación solicitada por la Compañia de seguros y/o ajustador que soporten la ocurrencia y cuantía del siniestro; estas reclamaciones han sido informados por las áreas así: Para el primer trimestre del año, se tramito el reporte de seis (06) siniestros. Durante el segundo Trimestre del año 2024 se tramito el reporte de nueve (09) siniestros así: uno (01) Póliza Autos, dos (02) siniestros Póliza TRDM, tres (03) siniestros Póliza RCE y tres (03) siniestros Póliza Directores y Administradores. Para un total de quince (15) siniestros reportados a la Aseguradora. | AA67: =IF(R67=0,1,"") | AB67: =IF(AND(V67<70%,V67>0),1,"")
A68: 62 | B68: Procesos | C68: 09. Garantizar la mejora continua del modelo de operación de la SAE basado en acciones de optimización, automatización, control y articulación de procesos contribuyendo a la reducción de tiempos, la transparencia en la operación y el cumplimiento de objetivos institucionales. | D68: Estandarizar, optimizar y automatizar procesos de SAE de acuerdo a nuevo modelo operacional | E68: Gestionar el alistamiento físico catastral de inmuebles sociales y no sociales | F68: Diagnóstico y Alistamiento | G68: Alistamiento de Activos | H68: Dirección de Analítica, Alistamiento y Valoración | I68: SÍ | J68: Alistamiento físico catastral de inmuebles | K68: Gestión | L68: Eficacia | M68: Demanda | N68: (Número de inmuebles con alistamiento físico catastral/ Número de inmuebles priorizados para alistamiento físico catastral) *100% | O68: Objetivo del indicador: medir el alistamiento físico catastral de inmuebles susceptibles de alistamiento físico catastral, es decir, los que cuenten con viabilidad jurídica y/o que requieren alistamiento físico. Numerador: corresponde a los inmuebles con alistamiento físico catastral, es decir, con diagnóstico o concepto de necesidad de saneamiento físico catastral y/o valoración a realizar. El resultado de esta gestión se registrará en base de datos de inmuebles alistados o diagnosticados. Denominador: corresponde a los inmuebles priorizados por la Vicepresidencia de Bienes Muebles e Inmuebles, que han sido requeridos o son susceptibles de alistamiento físico catastral, es decir, que ya cuenten con viabilidad jurídica y/o que requieran valoración. | P68: 1 | Q68: Trimestral | R68: 1355 | S68: 1355 | T68: 0.5 | U68: 0.5 | V68: 1 | W68: La Dirección de analítica, alistamiento y valoración ha realizado el alistamiento físico catastral de 1355 FMI, en el primer semestre de 2024. Las cifras del segundo trimestre muestran que: Se realiza alistamiento físico catastral a 620 inmuebles. De estos, 416 fueron habilitados para avalúos, mientras que 204 presentaron alguna inconsistencia físico catastral y fueron remitidos a saneamiento. Los motivos para el traslado a saneamiento son los siguientes: • Diferencia de áreas de construcción catastral y jurídica en PH: 8 FMI. • Diferencia de áreas de terreno: 97 FMI. • Revisión de escritura pública: 46 FMI. • Falta de información de área catastral asociada: 53 FMI. | X68: PRIMER TRIMESTRE: 735 alistamientos físico catastrales. SEGUNDO TRIMESTRE: 620 | AA68: =IF(R68=0,1,"") | AB68: =IF(AND(V68<70%,V68>0),1,"")
A69: 63 | B69: Procesos | C69: 09. Garantizar la mejora continua del modelo de operación de la SAE basado en acciones de optimización, automatización, control y articulación de procesos contribuyendo a la reducción de tiempos, la transparencia en la operación y el cumplimiento de objetivos institucionales. | D69: Estandarizar, optimizar y automatizar procesos de SAE de acuerdo a nuevo modelo operacional | E69: Revisar y aprobar avalúos de bienes inmuebles | F69: Diagnóstico y Alistamiento | G69: Alistamiento de Activos | H69: Dirección de Analítica, Alistamiento y Valoración | I69: SÍ | J69: Avalúos de bienes inmuebles | K69: Gestión | L69: Eficacia | M69: Programación anual | N69: (Cantidad de avalúos revisados y aprobados / Cantidad de avalúos solicitados a la Gerencia Técnica) *100% | O69: Objetivo del indicador: medir la gestión realizada frente a la revisión y aprobación de avalúos de inmuebles sociales y no sociales dispuestos para enajenación temprana o comercialización por parte de la Gerencia Técnica. Numerador: corresponde a los avalúos revisados y aprobados correspondientes a inmuebles sociales y no sociales solicitados. Denominador: corresponde a las solicitudes de asignación para la elaboración de avalúos de inmuebles sociales y no sociales dispuestos para enajenación temprana o comercialización. | P69: 4400 | Q69: Trimestral | R69: 2001 | S69: 4400 | T69: 0.45477273 | U69: 0.5 | V69: 0.90954545 | W69: La Dirección de analítica, alistamiento y valoración se encarga de la revisión y aprobación del avalúo comercial de los bienes inmuebles urbanos y rurales conforme a las metodologías establecidas por el Instituto Geográfico Agustín Codazzi (IGAC) a través del registro abierto de avaluadores (RAA). En el primer semestre 2024 se revisaron 2,001 avalúos comerciales que estan distribuídos de la siguiente manera: •1564 FMI con estado legal "en proceso" que fueron aprobados por el comité de ENAJENACIÓN TEMPRANA. • 328 FMI con estado legal EXTINTOS. • 64 FMI que pertenecen a Sociedades en liquidación. • 45 FMI que pertenecen a Sociedades Activas. | X69: PRIMER TRIMESTRE: 899 avalúos comerciales. SEGUNDO TRIMESTRE: 1,102 avalúos comerciales. | AA69: =IF(R69=0,1,"") | AB69: =IF(AND(V69<70%,V69>0),1,"")
A70: 64 | B70: Procesos | C70: 09. Garantizar la mejora continua del modelo de operación de la SAE basado en acciones de optimización, automatización, control y articulación de procesos contribuyendo a la reducción de tiempos, la transparencia en la operación y el cumplimiento de objetivos institucionales. | D70: Estandarizar, optimizar y automatizar procesos de SAE de acuerdo a nuevo modelo operacional | E70: Revisar y aprobar avalúos de muebles | F70: Diagnóstico y Alistamiento | G70: Alistamiento de Activos | H70: Dirección de Analítica, Alistamiento y Valoración | I70: SÍ | J70: Avalúos de bienes muebles | K70: Gestión | L70: Eficacia | M70: Demanda | N70: (Cantidad de avalúos de bienes muebles revisados / Cantidad de avalúos de bienes muebles recibidos) *100% | O70: Objetivo del indicador: medir la revisión realizada de los avalúos de los bienes muebles remitidos por las áreas. Numerador: corresponde a los avalúos de bienes muebles revisados por parte de la Gerencia Técnica. Denominador: corresponde a los avalúos de bienes muebles recibidos para su revisión. | P70: 1 | Q70: Trimestral | R70: 143 | S70: 166 | T70: 0.43072289 | U70: 0.5 | V70: 0.86144578 | W70: Este procedimiento se lleva a cabo bajo la supervisión de la Dirección de analítica y valoración (DAAV), con el propósito de obtener la valoración comercial de los bienes muebles. El objetivo principal es determinar si los bienes valorados están en condicion de ser comercializados o si por el contrario deben ser destruídos. Para el primer semestre 2024, se realizaron: • 143 revisiones de avalúos vehículos y medios, de la Dirección para la Democratización de Activos Muebles. Recibidas: 166 Tramitadas: 143 | X70: A continuación se relacionan otras actividades realizadas: • Respuesta a 4 solicitudes relacionadas con semovientes. Recibidas: 4 Tramitadas: 4 PRIMER TRIMESTRE: Avalúos muebles 45. SEGUNDO TRIMESTRE: Avalúos muebles 98. | AA70: =IF(R70=0,1,"") | AB70: =IF(AND(V70<70%,V70>0),1,"")
A71: 65 | B71: Procesos | C71: 09. Garantizar la mejora continua del modelo de operación de la SAE basado en acciones de optimización, automatización, control y articulación de procesos contribuyendo a la reducción de tiempos, la transparencia en la operación y el cumplimiento de objetivos institucionales. | D71: Estandarizar, optimizar y automatizar procesos de SAE de acuerdo a nuevo modelo operacional | E71: Realizar y/o revisar estimados de renta de bienes inmuebles urbanos y rurales | F71: Diagnóstico y Alistamiento | G71: Alistamiento de Activos | H71: Dirección de Analítica, Alistamiento y Valoración | I71: SÍ | J71: Estimados de renta | K71: Producto | L71: Eficacia | M71: Demanda | N71: (Estimados de renta de activos elaborados y/o revisados / Estimados de renta a revisar y/o elaborar) *100% | O71: Objetivo del indicador: medir la elaboración y/o revisión realizada a los estimados de renta elaborados por FMI y/o unidad económica. Numerador: corresponde al número de estimados de renta revisados que fueron remitidos por las Gerencias regionales, Gerencia de Bienes Inmuebles Rurales y Gerencias de Sociedades y al número de estimados de renta de activos elaborados por parte de la Gerencia Técnica de acuerdo con los montos establecidos, según sea el caso. Denominador: corresponde a los estimados de renta recibidos por las Gerencias Regionales, Gerencia de Bienes Inmuebles Rurales y Gerencias de Sociedades para su revisión y a las solicitudes de elaboración de estimados de renta de activos que se dispondrán en esquema de administración de arrendamiento. Los estimados de renta corresponden a activos inmuebles urbanos y rurales, sociales y no sociales. | P71: 1 | Q71: Trimestral | R71: 423 | S71: 423 | T71: 0.5 | U71: 0.5 | V71: 1 | W71: Durante el primer semestre de 2024, se realizó un proceso de revisión y aprobación de estimados de renta tanto para áreas urbanas como rurales por parte de la Dirección de Analítica, Alistamiento y Valoración (DAAV). En total se gestionaron 423 revisiones de estimados de renta. Para las áreas urbanas, las solicitudes fueron remitidas por las direcciones territoriales y las direcciones de sociedades (activas y en liquidación), abarcando un total de 301 Folios de Matrícula Inmobiliaria (FMI) correspondientes a 559 Unidades Económicas. Estas se distribuyeron de la siguiente manera: • 165 FMI fueron solicitados por la Dirección Territorial Centro Oriente. • 25 FMI fueron solicitados por la Dirección Territorial Caribe. • 43 FMI fueron solicitados por la Dirección Territorial Occidente. • 68 FMI fueron solicitados por la Dirección Territorial Sur Occidente. La solicitudes de revisión de estimados de predios rurales se recibieron por parte de las direcciones territoriales y de sociedades (activas y en liquidación). En este caso, se revisaron y aprobaron estimados para 122 FMI correspondientes a 40 Unidades Inmobiliarias existentes. Estas se solicitudes se distribuyeron de la siguiente manera: • 29 FMI fueron solicitados por la Dirección Territorial Centro Oriente. • 19 FMI fueron solicitados por la Dirección Territorial Caribe. • 11 FMI fueron solicitados por la Dirección Territorial Occidente. • 62 FMI fueron solicitados por la Dirección Territorial Sur. • 1 FMI fue solicitado por la Dirección de Seguimiento y Control de Liquidaciones. | X71: PRIMER TRIMESTRE URBANOS: Revisión y aprobación a 180 FMI PRIMER TRIMESTRE RURALES: Revisión y aprobación a 21 FMI. SEGUNDO TRIMESTRE URBANOS: Revisión y aprobación 121 FMI. SEGUNDO TRIMESTRE RURALES: Revisión y aprobación 101 FMI | AA71: =IF(R71=0,1,"") | AB71: =IF(AND(V71<70%,V71>0),1,"")
A72: 66 | B72: Procesos | C72: 09. Garantizar la mejora continua del modelo de operación de la SAE basado en acciones de optimización, automatización, control y articulación de procesos contribuyendo a la reducción de tiempos, la transparencia en la operación y el cumplimiento de objetivos institucionales. | D72: Estandarizar, optimizar y automatizar procesos de SAE de acuerdo a nuevo modelo operacional | E72: Gestionar el saneamiento físico catastral de inmuebles sociales y no sociales | F72: Diagnóstico y Alistamiento | G72: Alistamiento de Activos | H72: Dirección de Analítica, Alistamiento y Valoración | I72: SÍ | J72: Estudios para el saneamiento físico catastral de inmuebles | K72: Gestión | L72: Eficacia | M72: Programación anual | N72: (Número de activos con estudio para el saneamiento físico catastral / Número de activos programados para saneamiento físico catastral) *100% | O72: Objetivo del indicador: medir la gestión realizada por la SAE para el saneamiento físico catastral de inmuebles programados para la vigencia. Numerador: corresponde a los activos que cuentan con estudio técnico para el saneamiento físico catastral y que hayan sido entregados al gestor catastral y a las Oficinas de Registro de Instrumentos Públicos para su respectivo saneamiento físico catastral. Denominador: corresponde al número de activos programados para saneamiento físico catastral. En la programación de activos a sanear se priorizan las solicitudes de destinación, los activos a comercializar y las solicitudes especiales relevantes. | P72: 500 | Q72: Trimestral | R72: 267 | S72: 500 | T72: 0.534 | U72: 0.5 | V72: 1 | W72: Durante el primer semestre de 2024, se hizo la revisión, estudio y solicitud del saneamiento fisico catastral de 267 FMI de inmuebles del inventario de la SAE. Este proceso estudia y desarrolla las actividades necesarias para resolver las inconsistencias a nivel documental, físico, catastral y técnico de los inmuebles, con el objetivo de prepararlos para su alistamiento y comercialización. La cifra de segundo trimestre 2024 es de 133 FMI revisados y reportados para su saneamiento físico catastral. | X72: PRIMER TRIMESTRE: Saneamiento a 134 FMI SEGUNDO TRIMESTRE: Saneamiento a 133 FMI. | AA72: =IF(R72=0,1,"") | AB72: =IF(AND(V72<70%,V72>0),1,"")
A73: 67 | B73: Procesos | C73: 09. Garantizar la mejora continua del modelo de operación de la SAE basado en acciones de optimización, automatización, control y articulación de procesos contribuyendo a la reducción de tiempos, la transparencia en la operación y el cumplimiento de objetivos institucionales. | D73: Estandarizar, optimizar y automatizar procesos de SAE de acuerdo a nuevo modelo operacional | E73: Revisar y aprobar fichas de caracterización de inmuebles rurales | F73: Diagnóstico y Alistamiento | G73: Alistamiento de Activos | H73: Dirección de Analítica, Alistamiento y Valoración | I73: SÍ | J73: Revisión y aprobación de fichas de caracterización | K73: Gestión | L73: Eficacia | M73: Demanda | N73: (Cantidad de fichas de caracterización revisadas y aprobadas / Cantidad de fichas de caracterización solicitadas a la Dirección para la democratización de activos inmuebles rurales)/*100% | O73: Objetivo del indicador: medir la elaboración de fichas de caracterización para activos inmuebles rurales Numerador: corresponde al número de fichas de caracterización revisadas y aprobadas por la Gerencia Técnica. Denominador: corresponde al número de fichas de caracterización solicitadas a la Dirección para la democratización de activos inmuebles rurales | P73: 1 | Q73: Trimestral | R73: 675 | S73: 675 | T73: 0.5 | U73: 0.5 | V73: 1 | W73: Durante el primer semestre de 2024 la Dirección para la Democratización de Activos Inmuebles Rurales solicito a la Dirección de Analítica, Alistamiento y Valoración la revisión y aprobación de fichas de caracterización para 675 FMI, todos de inmuebles rurales; las solicitudes se distribuyeron de la siguiente manera: • 380 FMI pertenecían a la Dirección Territorial Centro Oriente. • 68 FMI pertenecían a la Dirección Territorial Caribe. • 33 FMI pertenecían a la Dirección Territorial Occidente. • 194 FMI pertenecían a la Dirección Territorial Sur. | X73: PRIMER TRIMESTRE: 152 Fichas SEGUNDO TRIMESTRE:523 Fichas disitribuídas de la siguiente manera: • 329 FMI pertenecían a la Dirección Territorial Centro Oriente. • 33 FMI pertenecían a la Dirección Territorial Caribe. • 21 FMI pertenecían a la Dirección Territorial Occidente. • 140 FMI pertenecían a la Dirección Territorial Sur. | AA73: =IF(R73=0,1,"") | AB73: =IF(AND(V73<70%,V73>0),1,"")
A74: 68 | B74: Procesos | C74: 09. Garantizar la mejora continua del modelo de operación de la SAE basado en acciones de optimización, automatización, control y articulación de procesos contribuyendo a la reducción de tiempos, la transparencia en la operación y el cumplimiento de objetivos institucionales. | D74: Estandarizar, optimizar y automatizar procesos de SAE de acuerdo a nuevo modelo operacional | E74: Realizar estudios de viabilidad jurídica | F74: Diagnóstico y Alistamiento | G74: Alistamiento de Activos | H74: Dirección de Asuntos Legales Misionales | I74: SÍ | J74: Estudios de viabilidades jurídicas elaboradas | K74: Gestión | L74: Eficacia | M74: Demanda | N74: (Estudios de viabilidades jurídicas elaboradas/ Viabilidades jurídicas solicitadas) *100% | O74: Objetivo del indicador: medir el estudio de las viabilidades jurídicas de acuerdo con las solicitadas. Numerador: los estudios de viabilidades jurídicas se elaboran para el mecanismo de administración de los activos y/o bienes del FRISCO de enajenación y de destinación definitiva. El estudio de viabilidad jurídica se puede evidenciar en la expedición de actos administrativos, informes de viabilidad jurídica, memorandos o correos electrónicos que visualicen el concepto positivo o negativo de la solicitud. Denominador: las solicitudes de viabilidad jurídica proceden de los requerimientos efectuados por parte de las áreas de SAE y corresponden a procesos de enajenación y de destinación definitiva. | P74: 1 | Q74: Trimestral | R74: 5751 | S74: 6349 | T74: 0.45290597 | U74: 0.5 | V74: 0.90581194 | W74: ASREC Se recibieron solicitudes de estudio y elaboración de viabilidades jurídicas para destinación definitiva, se elaboraron un total de 505 informes de viabilidad jurídica. validaciones jurídicas elaboradas: 505 validaciones jurídicas solicitadas: 535 INGESA La cifra proviene de la identificación de solicitudes de las áreas para realizar el alistamiento para venta de los activos en administración, encontrando que: validaciones jurídicas elaboradas: 5246 validaciones jurídicas solicitadas: 5814 En la siguiente ruta se identifican las tres bases (Base alistamiento extintos, Ley de Crecimiento Económico, Base Alistamiento Enajenación Temprana) en formato Excel que refieren el soporte de la cifra indicada: https://saesas-my.sharepoint.com/personal/dpinzon_saesas_gov_co/_layouts/15/onedrive.aspx?ga=1&CT=1720637117585&OR=OWA%2DNT%2DMail&CID=189554fb%2Df375%2D7484%2D1251%2D1588cba9cc48&id=%2Fpersonal%2Fdpinzon%5Fsaesas%5Fgov%5Fco%2FDocuments%2FPAI%2FT2%2FAsuntos%20Legales%2FEvidencias" | AA74: =IF(R74=0,1,"") | AB74: =IF(AND(V74<70%,V74>0),1,"")
A75: 69 | B75: Procesos | C75: 09. Garantizar la mejora continua del modelo de operación de la SAE basado en acciones de optimización, automatización, control y articulación de procesos contribuyendo a la reducción de tiempos, la transparencia en la operación y el cumplimiento de objetivos institucionales. | D75: Estandarizar, optimizar y automatizar procesos de SAE de acuerdo a nuevo modelo operacional | E75: Realizar medición de los fallos favorables de acciones de tutela en contra de la entidad | F75: Gestión Jurídica | G75: Defensa Judicial | H75: Dirección de Asuntos Legales Misionales | I75: NO | J75: Tasa de fallos favorables en acciones de tutela en contra de la entidad que invoquen la protección del derecho de petición | K75: Gestión | L75: Eficacia | M75: Demanda | N75: (Número de acciones de tutela con fallo favorable en el año en curso que invocan la protección del derecho de petición / Número de acciones de tutela recibidas por la entidad en el año en curso que invocan la protección del derecho de petición) * 100% | O75: Objetivo del indicador: medir el porcentaje de fallos favorables de acciones de tutela en contra de la entidad que invocan la protección del derecho de petición. Numerador: corresponde a las acciones de tutela favorables que invocan la protección del derecho de petición. Denominador: corresponde a las acciones de tutela recibidas por la entidad que invocan la protección del derecho de petición. | P75: 1 | Q75: Trimestral | R75: 185 | S75: 255 | T75: 0.3627451 | U75: 0.5 | V75: 0.7254902 | W75: A corte del segunto trimestre del 2024 se han radicado acciones de tutela, de las cuales 255 son por concepto de derecho de petición, lográndose como fallos favorables un total de 185. No se obtuvo el 100% de fallos favorables, las respuestas generadas a los derechos de petición no son generadas de manera clara, precisa y de fondo. Como plan de acción se han implementado capacitaciones por parte del GIT DEFENSA, en donde se manera puntual se les ha realizado observaciones a las áreas, indicándoles las falencias en las respuestas generadas. | X75: Como plan de acción se han implementado capacitaciones por parte del GIT DEFENSA, en donde en manera puntual se les ha realizado observaciones a las áreas, indicándoles las falencias en las respuestas generadas. Adicionalmente, se han generado socializaciones por parte del GIT INGESA sobre la adecuada atención de los PQRSD. Soporte de presentacion realizada: https://saesas-my.sharepoint.com/personal/dpinzon_saesas_gov_co/_layouts/15/onedrive.aspx?ga=1&CT=1721141771807&OR=OWA%2DNT%2DMail&CID=a950e6bf%2D438a%2D0872%2D3971%2D4275b7333169&id=%2Fpersonal%2Fdpinzon%5Fsaesas%5Fgov%5Fco%2FDocuments%2FPAI%2FT2%2FAsuntos%20Legales%2FEvidencias | AA75: =IF(R75=0,1,"") | AB75: =IF(AND(V75<70%,V75>0),1,"")
A76: 70 | B76: Procesos | C76: 09. Garantizar la mejora continua del modelo de operación de la SAE basado en acciones de optimización, automatización, control y articulación de procesos contribuyendo a la reducción de tiempos, la transparencia en la operación y el cumplimiento de objetivos institucionales. | D76: Estandarizar, optimizar y automatizar procesos de SAE de acuerdo a nuevo modelo operacional | E76: Publicar todos los procesos contractuales suscritos en el 2024 en el SECOP II | F76: Gestión Contractial | G76: Contratación | H76: Dirección de Contratación | I76: SÍ | J76: Publicación de procesos contractuales en SECOP II | K76: Gestión | L76: Eficacia | M76: Demanda | N76: (No. procesos contractuales publicados en Secop II/ No. procesos contractuales solicitados)* 100% | O76: Objetivo del indicador: medir la publicación en SECOP II de los procesos contractuales adelantados en la vigencia 2024. Numerador: incluye todos los procesos contractuales publicados en Secop II en su etapa precontractual y/o de inicio de contrato. El proceso contractual solo se contará una vez desde que este se encuentre publicado en SECOP II. Denominador : incluye todos los procesos contractuales, modificaciones y liquidación de nuevos procesos contractuales iniciados por la Gerencia de Contratos bajo las diferentes modalidades de contratación suscritos desde la vigencia 2024. Este universo de procesos contractuales excluye todos los contratos de liquidación y cesiones de procesos antiguos. | P76: 1 | Q76: Trimestral | R76: 40 | S76: 40 | T76: 0.5 | U76: 0.5 | V76: 1 | W76: Los 45 contratos nuevos adelantados durante el segundo trimestre de 2024, todos fueron publicados en el secop II, dando cumplimineto 100% al principio de publicidad | X76: Se espera alcanzar la meta tercer del 25% para el segundo trimestre del año 2024, toda vez que se dbe publicar en elsecop II todos y procediminetosy contratacion gestionada y terminada en la Dirección de Contratos | Y76: En el primer trimestre se reportaron 40 en el numerador y el denominador. Recordar que el reporte se realiza cumulativamente. En el análisis del indicador se mencionan 45 contratos en el segundo trimestre. Es posible que el valor correcto sea 85 en numerador y denominador. Rectificar. | AA76: =IF(R76=0,1,"") | AB76: =IF(AND(V76<70%,V76>0),1,"")
A77: 71 | B77: Procesos | C77: 09. Garantizar la mejora continua del modelo de operación de la SAE basado en acciones de optimización, automatización, control y articulación de procesos contribuyendo a la reducción de tiempos, la transparencia en la operación y el cumplimiento de objetivos institucionales. | D77: Crear espacios de innovación y mejora que coadyuven a los objetivos estratégicos de SAE | E77: Implementar el esquema de gobierno corporativo en las Sociedades Activas priorizadas | F77: Diagnóstico y Alistamiento | G77: Diagnóstico de Activos | H77: Dirección de Gobierno, Control y Democratización de Sociedades | I77: SÍ | J77: Asignación de administradores para el gerenciamiento de sociedades | K77: Gestión | L77: Eficacia | M77: Programación anual | N77: ( Activos con asignación de administradores para el gerenciamiento de sociedades y establecimientos de comercio/ Activos programados para asignación de mecanismo para su gerenciamiento)*100% | O77: Objetivo del indicador: medir el grado de asignación de mecanismos de administración a las gerencias o establecimientos de comercio programados para la vigencia Numerador: corresponde a las sociedades con asignación de mecanismos de administración como lo es el esquema de gerencia de sociedades, deposito provisional, y demás mecanismos que para el efecto se establezcan en la metodología de administración de bienes. Denominador: corresponde a las sociedades y establecimientos de comercio que se encuentran en el portafolio pendientes por asignación de mecanismos de administración para la vigencia 2024. Para el 2024 se estima intervenir como mínimo 662 activos. | P77: 50 | Q77: Trimestral | R77: 32 | S77: 50 | T77: 0.64 | U77: 0.5 | V77: 1 | W77: En el primer trimestre del año se designó al señor Eduardo Cermeño para las 24 sociedades que conforman el Grupo Grajales. Para el segundo trimestre se hizo el nombramiento de depositario provisional en las siguientes sociedades: 1. LAVADERO HANGAR LA 39 2. PARADISE DISCOTECA BAR Adicional, se realizaron las siguientes designaciones a través de la figura de Gobierno Corporativo: 1. ACUAPEZCA 2. DISTRITO ORIENTAL SAS 3. EMATPEYA 4. GRUPO S.M. S.A.S 5. HOLDING JA2 S.A.S 6. TAKARA S.A.S | X77: Esta Dirección solicita la eliminación del indicador teniendo en cuenta que la responsabilidad de asignar depositarios provisionales es de la Gerencia de Depositarios y la asignación de Representantes Legales por medio de Gobierno Corporativo se hace desde la Vicepresidencia de Sociedades. Por lo tanto, se está reportando la gestión de otras áreas y no depende de la gestión de esta Dirección. | AA77: =IF(R77=0,1,"") | AB77: =IF(AND(V77<70%,V77>0),1,"")
A78: 72 | B78: Procesos | C78: 09. Garantizar la mejora continua del modelo de operación de la SAE basado en acciones de optimización, automatización, control y articulación de procesos contribuyendo a la reducción de tiempos, la transparencia en la operación y el cumplimiento de objetivos institucionales. | D78: Fortalecer estrategias y espacios de control , seguimiento y aseguramiento en el marco de la misionalidad de SAE | E78: Realizar auditorías e inspección sobre las Sociedades Activas administradas por SAE | F78: Disposición Temporal | G78: Administración de Depósitos Provisionales | H78: Dirección de Gobierno, Control y Democratización de Sociedades | I78: SÍ | J78: Auditorías e Inspección de Sociedades Activas | K78: Gestión | L78: Eficacia | M78: Programación anual | N78: (Sociedades activas administradas con auditoría y/o inspecciones realizadas/ Sociedades Activas administradas por SAE que requieren auditoría o inspección) * 100% | O78: Objetivo del indicador: medir el estado de control o inspección sobre las Sociedades Activas administradas por SAE a través de la ejecución de auditorías e inspecciones. Numerador: corresponde al número de Sociedades Activas con auditorías o inspecciones realizadas sobre estas. Denominador: corresponde a las Sociedades Activas administradas por parte de la SAE que requieren auditoría o inspección de acuerdo a la necesidad. | P78: 100 | Q78: Trimestral | R78: 67 | S78: 100 | T78: 0.67 | U78: 0.5 | V78: 1 | W78: En el primer trimestre del año se realizaron 25 Visitas de inspección y auditorías. Para el segundo trimestre se realizó lo siguiente: Visitas de inspección: 1. AGRICOLA LAS MARGARITAS SAS 2. AGROINDUSTRIA LA MARGARITA SA 3. AMOBLADOS I LOVE YOU 4. AUTOMOTOR DEL VALLE SAS 5. BODY GYM NEW GENERATION 6. CANTERA HAWAI Y PERFORACIONES 7. CLÍNICA SAN FRANCISCO SA 8. COMERCIALIZADORA AVICALI SAS 9. COMPRA VENTA LA GARANTIA 10. CONSORCIO AGROGANADERO DEL QUINDIO Y DEL VALLE DEL CAUCA SA 11. CONSORCIO INDUSTRIAL INTERNACIONAL S.A - C.I.I. S.A 12. CREDIREBAJA SA 13. ESTACION DE SERVICIO TERPEL OASIS 14. GELATINAS LA VAQUITA ANDALUZA 15. GRANJA LA SIERRA LTDA 16. LA HIJA DEL CANASTERO 17. LICORES PANCE 18. MARIA DEL CARMEN ARROYO IZQUIERDO MEJICO EN DECORACION 1 19. MEJIA JARAMILLO & CIA SCA 20. PARQUEADERO ANDREA FV 21. PARQUEADERO CAR MILENIO 22. QUIRURGICOS DENTALES QUIRUDENT SAS 23. RESIDENCIAS COSTA AZUL 24. TRANSPORTES MEJIA S.A 25. TRANSURBANOS CALI SAS 26. INVERSIONES DUQUES A Y CIA S EN C 27. ACADEMIA DE BILLARES LOS PROFESIONALES 28. AGRICOLA LAS MARGARITAS SAS 29. AGROINDUSTRIA LA MARGARITA SA 30. AMOBLADOS I LOVE YOU 31. AUTOMOTOR DEL VALLE SAS 32. AQUA WORKS 33. BODY GYM NEW GENERATION 34. CARDENAS DUARTE Y CIA LTDA - EN LIQUIDACION 35. COLOMBIAN LEATHER IMPORT & EXPORT S A S 36. FRIGORIFICO DEL CAUCA S.A.S 37. GASEOSAS RIO 38. GRANJA EL PORVENIR AV 39. GRILL Y APARTAMENTOS EXAGONO 40. INGENIERIA COLOMBIANA INCOL S.A.S. 41. INVERSIONES GRUPO DAR SAS 42. PORRAS ARDILA | Y78: En el primer trimestre se reportaron 25 visitas. En el listado detallado se registran 42 visitas. Por favor, registrar si el numerador debería ser 67 en lugar de 65 o si es necesario hacer algún tipo de claridad sobre las 42 visitars registradas para este trimestre. | AA78: =IF(R78=0,1,"") | AB78: =IF(AND(V78<70%,V78>0),1,"")
A79: 73 | B79: Procesos | C79: 09. Garantizar la mejora continua del modelo de operación de la SAE basado en acciones de optimización, automatización, control y articulación de procesos contribuyendo a la reducción de tiempos, la transparencia en la operación y el cumplimiento de objetivos institucionales. | D79: Estandarizar, optimizar y automatizar procesos de SAE de acuerdo a nuevo modelo operacional | E79: Elaborar la documentación estratégica del nuevo modelo operacional de SAE | F79: Direccionamiento Estratégico | G79: Administración del SIG | H79: Dirección de Planeación y Prospectiva | I79: SÍ | J79: Documentación estratégica nuevo modelo operacional | K79: Gestión | L79: Eficacia | M79: Programación anual | N79: (Documentos estratégicos del nuevo modelo operacional elaborados / Documentos estratégicos del nuevo modelo operacional programados y priorizados) * 100% | O79: Objetivo del indicador: medir el avance de documentación estratégica del nuevo modelo operacional. Numerador: corresponde al número de documentos elaborados y/o actualizados para implementar el nuevo modelo operacional que fueron priorizados en la programación, se entiende como finalizada la acción cuando estos documentos se encuentren publicados en la arquitectura empresarial. Denominador: corresponde a los documentos priorizados para viabilizar el nuevo modelo operacional. Esta programación se realizará con base en la identificación de documentos y la priorización que se brinde desde la Oficina Asesora de Planeación; esto puede incluir políticas operacionales, procedimientos, guías, protocolos u otro tipo documental. El denominador es variable de acuerdo con la priorización establecida por la Oficina Asesora de Planeación. | P79: 158 | Q79: Trimestral | R79: 4 | S79: 158 | T79: 0.025316456 | U79: 0.5 | V79: 0.050632911 | W79: 1. Se Actualizaron los siguientes documentos en el marco del rediselo institucional: - Formato comunicación individual de funciones - Procedimiento de pagos - Formato acta de entrega de cargo - Guía metodológica para la actualización y mejora documental del sistema integrado de gestión – SIG | X79: Los resultados del indicador, se deben a que en el periodo del informe se trabajaron las fases de la documetación: - Fase I - Identificación de la necesidad para documentar - Fase II - Diagnóstico de la Documentación del SIG - Fase III - Priorización Documental - Fase IV - Caracterización de Procesos Por lo anterior, la actualización documental estrategica se dio despues de finalizar las anteriores fases, sin embargo se estima que para el tercer trimestre un avance significativo. | AA79: =IF(R79=0,1,"") | AB79: =IF(AND(V79<70%,V79>0),1,"") -> 1
A80: 74 | B80: Procesos | C80: 09. Garantizar la mejora continua del modelo de operación de la SAE basado en acciones de optimización, automatización, control y articulación de procesos contribuyendo a la reducción de tiempos, la transparencia en la operación y el cumplimiento de objetivos institucionales. | D80: Estandarizar, optimizar y automatizar procesos de SAE de acuerdo a nuevo modelo operacional | E80: Implementar plan de trabajo de gestión del cambio asociado al nuevo modelo operacional | F80: Direccionamiento Estratégico | G80: Administración del SIG | H80: Dirección de Planeación y Prospectiva | I80: SÍ | J80: Gestión del cambio del nuevo modelo operacional | K80: Gestión | L80: Eficacia | M80: Programación anual | N80: (Actividades ejecutadas del plan de gestión del cambio asociadas al nuevo modelo operacional / Actividades del plan de gestión del cambio programadas )*100% | O80: Objetivo del indicador: medir el grado de cumplimiento del Plan de Gestión del Cambio asociado al nuevo modelo operacional. Numerador: corresponde a las actividades del Plan de Gestión del Cambio ejecutadas por la Oficina Asesora de Planeación con su respectiva evidencia. Denominador: corresponde a las actividades programadas en el Plan de Gestión del Cambio asociadas a etapas de socialización, sensibilización, gestión de conocimiento u otra requerida en la gestión del cambio del nuevo modelo operacional. El denominador es variable de acuerdo con posibles variaciones en la programación del plan de trabajo de gestión del cambio. | P80: 16 | Q80: Trimestral | R80: 10 | S80: 16 | T80: 0.625 | U80: 0.5 | V80: 1 | W80: Se realizaron las siguientes actividades: 1. Diseñar indicadores o metodología de seguimiento de la eficacia e impacto del cambio en cada una de sus etapas. 2. Creación de grupo de gestores del cambio 3. Capacitación de habilidades, competencias o conocimiento requerido para la implementación del gestión del cambio 4. Realizar apertura y comunicación de fases del cambio 5. Realizar encuentro inicial con gestores de cambio y grupos focales para identificar sugerencias, preocupaciones o propuestas de implementación 6. Validar sugerencias o propuestas de mejora del cambio durante la implementación del cambio 7. Validar y verificar estado de implementación del cambio propuesto | X80: N/A | AA80: =IF(R80=0,1,"") | AB80: =IF(AND(V80<70%,V80>0),1,"")
A81: 75 | B81: Procesos | C81: 09. Garantizar la mejora continua del modelo de operación de la SAE basado en acciones de optimización, automatización, control y articulación de procesos contribuyendo a la reducción de tiempos, la transparencia en la operación y el cumplimiento de objetivos institucionales. | D81: Crear espacios de innovación y mejora que coadyuven a los objetivos estratégicos de SAE | E81: Implementar plan de trabajo de gestión del conocimiento e innovación | F81: Direccionamiento Estratégico | G81: Gobierno y Gestión de la Estrategia | H81: Dirección de Planeación y Prospectiva | I81: SÍ | J81: Gestión del conocimiento e innovación | K81: Gestión | L81: Eficacia | M81: Programación anual | N81: (Actividades ejecutadas del plan de trabajo de gestión del conocimiento e innovación / Actividades programadas dentro del plan de trabajo de gestión del conocimiento e innovación)*100% | O81: Objetivo del indicador: medir el grado de cumplimiento del Plan de Gestión del Conocimiento e Innovación Numerador: corresponde a las actividades ejecutadas del Plan de Gestión del Conocimiento e Innovación por parte de la Oficina Asesora de Planeación. Denominador: corresponde a las actividades programadas en el Plan de Gestión del Conocimiento e Innovación. El denominador es variable de acuerdo con posibles variaciones en la programación del plan de Gestión del Conocimiento e Innovación. | P81: 19 | Q81: Trimestral | R81: 8 | S81: 19 | T81: 0.42105263 | U81: 0.5 | V81: 0.84210526 | W81: 20240418: Se realizó el 18 de abril del 2024, abordando temáticas relacionadas con el Rediseño y Fortalecimiento Institucional de la SAE, dirigido a la Dirección Territorial Sur 20240528: Se realizó el 28 de mayo del 2024, abordando temáticas relacionadas con el Rediseño y Fortalecimiento Institucional de la SAE, dirigido a la Dirección Territorial Centro Oriente. Se realizó de forma virtual. 20240604: Se realizó el 4 de junio del 2024, abordando temáticas relacionadas con el Rediseño y Fortalecimiento Institucional de la SAE, dirigido a la Dirección Territorial Caribe. 20240614: Se realizó el 14 de junio del 2024, abordando temáticas relacionadas con el Rediseño y Fortalecimiento Institucional de la SAE, dirigido a la Dirección Territorial Occidente | X81: N/A | AA81: =IF(R81=0,1,"") | AB81: =IF(AND(V81<70%,V81>0),1,"")
A82: 76 | B82: Procesos | C82: 09. Garantizar la mejora continua del modelo de operación de la SAE basado en acciones de optimización, automatización, control y articulación de procesos contribuyendo a la reducción de tiempos, la transparencia en la operación y el cumplimiento de objetivos institucionales. | D82: Fortalecer estrategias y espacios de control , seguimiento y aseguramiento en el marco de la misionalidad de SAE | E82: Participar en asambleas o juntas de socios de sociedades de liquidación | F82: Disposición Temporal | G82: Administración de Depósitos Provisionales Administración Directa | H82: Dirección de Seguimiento y Control de Liquidaciones | I82: SÍ | J82: Cumplimiento de plan de ejecución de asambleas o juntas de socios de sociedades en liquidación | K82: Gestión | L82: Eficacia | M82: Programación anual | N82: (Número de asambleas o juntas de socio realizadas / Total de asambleas o juntas de socios programadas) *100% | O82: Objetivo del indicador: medir el cumplimiento al plan de ejecución de asambleas de sociedades en liquidación con activos. Numerador: se considera como asambleas o juntas realizadas las que cuentan con acta suscrita por los dignatarios. Denominador: es el total de asambleas o juntas programadas por la Gerencia de Sociedades en Liquidación, con relación a las sociedades en liquidación con activos. | P82: 164 | Q82: Trimestral | R82: 168 | S82: 164 | T82: 1.0243902 | U82: 0.5 | V82: 1 | W82: Dentro del segundo trimestre del 2024, se realizaron 29 asambleas extraordinarias para sociedades con activos | Y82: En el análisis del indicador se mencionan 29 asambleas durante el segundo trimesre, que sumadas a las 139 reportadas en el primer trimestre totalizan 168. Por favor verificar el numerador o el análisis del indicador. | AA82: =IF(R82=0,1,"") | AB82: =IF(AND(V82<70%,V82>0),1,"")
